 Dungeon Crawl Stone Soup version 0.25-a0-661-g55ea3d2053 (webtiles) character file.

Game seed: 18242632305623997172, levelgen mode: deterministic

15869575 VincentAMV the Conqueror (level 27, 199/199 HPs)
             Began as a Gargoyle Fighter on Mar 23, 2020.
             Was the Champion of the Shining One.
             Escaped with the Orb
             ... and 15 runes!
             The game lasted 06:38:04 (99081 turns).

VincentAMV the Conqueror (Gargoyle Fighter)        Turns: 99081, Time: 06:38:05

Health: 199/199    AC: 73    Str: 31    XL:     27
Magic:  47/47      EV: 16    Int: 10    God:    the Shining One [******]
Gold:   14694      SH: 25    Dex: 10    Spells: 22/66 levels left

rFire    + + +     SeeInvis .   y - +9 sacred scourge (holy)
rCold    + + +     Gourm    .   z - +2 shield of Resistance {rF+ rC+ MR+}
rNeg     + + +     Faith    .   a - +6 crystal plate armour of the Eternal Void {rPois rC++ Regen+}
rPois    ∞         Spirit   .   W - -2 hat of the Alchemist {rElec rPois rF+ rC+ rN+ MR+ rMut rCorr}
rElec    +         Reflect  +   D - +2 cloak
rCorr    +         Harm     .   n - +3 pair of gauntlets of War {Slay+5}
rMut     +         Rnd*Tele +   t - +2 pair of boots {run}
MR       +++++                  V - +5 amulet of reflection
Stlth    ..........             b - ring of protection from magic
HPRegen  0.83/turn              P - ring of protection from fire
MPRegen  0.30/turn

@: flying, glowing, quick
A: big wings, repulsion field 1, slimy green scales 1, yellow scales 1, negative
energy resistance 1, sense surroundings 1, electricity resistance, inhibited
regeneration, teleportitis 1, unbreathing, petrification resistance, no potion
heal 1, rot immunity, MP-powered wands, AC +20
0: Orb of Zot
}: 15/15 runes: decaying, serpentine, slimy, silver, golden, iron, obsidian,
icy, bone, abyssal, demonic, glowing, magical, fiery, dark
a: Stop Flying, Divine Shield, Cleansing Flame, Summon Divine Warrior, Renounce
Religion


You escaped.
You worshipped the Shining One.
The Shining One was exalted by your worship.
You were very full.

You visited 18 branches of the dungeon, and saw 88 of its levels.
You visited Pandemonium 1 time, and saw 17 of its levels.
You visited the Abyss 3 times.
You visited 1 bazaar.
You also visited: Ossuary, Gauntlet, Ice Cave, Wizlab and Desolation.

You collected 20471 gold pieces.
You spent 5777 gold pieces at shops.

Inventory:

Hand Weapons
 y - a +9 sacred scourge of holy wrath (weapon)
 N - the +10 war axe of Corporal Punishment {flame, rElec Dex+4}
   (You found it on level 3 of the Snake Pit)

   It has been specially enchanted to burn those struck by it, causing extra
   injury to most foes and up to half again as much damage against particularly
   susceptible opponents.
   Big, fiery blades are also staple armaments of hydra-hunters.
   It affects your dexterity (+4).
   It insulates you from electricity.
Missiles
 o - 153 poisoned darts (quivered)
Armour
 a - the +6 crystal plate armour of the Eternal Void (worn) {rPois rC++ Regen+}
   (You acquired it on level 3 of the Crypt)

   It greatly protects you from cold.
   It protects you from poison.
   It increases your rate of regeneration.
 n - the +3 pair of gauntlets of War (worn) {Slay+5}
   (You found it in the Desolation of Salt)

   It affects your accuracy and damage with ranged weapons and melee attacks
   (+5).
 t - a +2 pair of boots of running (worn)
 z - the +2 shield of Resistance (worn) {rF+ rC+ MR+}
   (You took it off a draconian stormcaller on level 3 of the Realm of Zot)

   It protects you from fire.
   It protects you from cold.
   It affects your resistance to hostile enchantments.
 D - a +2 cloak (worn)
 W - the -2 hat of the Alchemist (worn) {rElec rPois rF+ rC+ rN+ MR+ rMut rCorr}
   (You found it on level 3 of the Tomb of the Ancients)

   It protects you from fire.
   It protects you from cold.
   It insulates you from electricity.
   It protects you from poison.
   It protects you from negative energy.
   It affects your resistance to hostile enchantments.
   It provides partial protection from all sources of acid and corrosion.
   It protects you from mutation.
Jewellery
 b - a ring of protection from magic (left hand)
 e - a +5 ring of slaying
 k - an uncursed amulet of regeneration
 I - the ring of Peukhlul {rCorr Str+7}
   (You found it on level 3 of the Tomb of the Ancients)

   [ring of resist corrosion]

   It affects your strength (+7).
   It provides partial protection from all sources of acid and corrosion.
 P - a ring of protection from fire (right hand)
 V - a +5 amulet of reflection (around neck)
Wands
 m - a wand of acid (58)
 G - a wand of digging (26)
 H - a wand of polymorph (65)
 K - a wand of disintegration (39)
 M - a wand of paralysis (33)
 O - a wand of iceblast (36)
 R - a wand of flame (140)
Scrolls
 c - 2 scrolls of silence
 g - 32 scrolls of teleportation
 q - 21 scrolls of identify
 r - 18 scrolls of fear
 s - 32 scrolls of remove curse
 B - 11 scrolls of blinking
 C - 13 scrolls of amnesia
 E - a scroll of brand weapon
 F - a scroll of holy word
 Q - 11 scrolls of fog
 S - 2 scrolls of summoning
Potions
 d - 3 potions of might
 h - 13 potions of resistance
 i - 5 potions of haste
 j - 8 potions of cancellation
 l - a potion of magic
 p - 6 potions of berserk rage
 w - 14 potions of curing
 x - 4 potions of heal wounds
 A - 7 potions of brilliance
 T - a potion of ambrosia
Miscellaneous
 J - a figurine of a ziggurat
Comestibles
 f - 91 rations


   Skills:
 O Level 27 Fighting
 - Level 13.4(16.0) Axes
 - Level 16.0(18.0) Maces & Flails
 + Level 26.9 Armour
 - Level 15.0 Dodging
 - Level 25.0 Shields
 + Level 20.0 Spellcasting
 - Level 10.0 Conjurations
 - Level 8.1 Hexes
 + Level 10.1 Summonings
 - Level 10.0 Translocations
 - Level 10.0 Transmutations
 - Level 8.0 Fire Magic
 - Level 22.2 Ice Magic
 - Level 6.0 Air Magic
 - Level 10.0 Earth Magic
 O Level 27 Invocations
 + Level 13.7 Evocations


You had 22 spell levels left.
You knew the following spells:

 Your Spells              Type           Power        Failure   Level  Hunger
a - Apportation           Tloc           ####..       1%          1    None
b - Blink                 Tloc           N/A          1%          2    None
c - Lesser Beckoning      Tloc           ####......   1%          3    None
d - Teleport Other        Tloc           ####....     1%          3    None
e - Summon Ice Beast      Ice/Summ       #####...     1%          4    ##.....
f - Aura of Abjuration    Summ           ####......   11%         5    ####...
g - Fireball              Conj/Fire      ####......   17%         5    ####...
h - Passwall              Tmut/Erth      ####....     1%          2    None
i - Lee's Rapid Deconstr  Erth           ####......   11%         5    ####...
j - Silence               Hex/Air        ###.......   36%         5    ####...
k - Dragon's Call         Summ           ####......   100%        9    #######

Your spell library contained the following spells:

 Spells                   Type           Power        Failure   Level  Hunger
 Freeze                   Ice            ####         0%          1    None
 Frozen Ramparts          Ice            ######       0%          3    None
 Beastly Appendage        Tmut           ####..       1%          1    None
 Corona                   Hex            ####...      1%          1    None
 Foxfire                  Conj/Fire      ####         1%          1    None
 Magic Dart               Conj           ####         1%          1    None
 Sandblast                Erth           ####..       1%          1    None
 Shock                    Conj/Air       ####         1%          1    None
 Summon Butterflies       Summ           ####....     1%          1    None
 Summon Small Mammal      Summ           ####         1%          1    None
 Call Imp                 Summ           ####....     1%          2    None
 Ensorcelled Hibernation  Hex/Ice        #####.       1%          2    None
 Searing Ray              Conj           ####..       1%          2    None
 Slow                     Hex            ####....     1%          2    None
 Sticks to Snakes         Tmut           ####....     1%          2    None
 Call Canine Familiar     Summ           ####....     1%          3    None
 Conjure Flame            Conj/Fire      ####....     1%          3    None
 Dazzling Flash           Conj/Hex       ####..       1%          3    None
 Gell's Gravitas          Tloc           ####......   1%          3    None
 Ozocubu's Armour         Chrm/Ice       ####....     1%          3    None
 Recall                   Summ/Tloc      N/A          1%          3    None
 Stone Arrow              Conj/Erth      ####..       1%          3    None
 Summon Guardian Golem    Hex/Summ       ####....     1%          3    None
 Hailstorm                Conj/Ice       #####...     1%          4    ##.....
 Ice Form                 Ice/Tmut       #####...     1%          4    ##.....
 Metabolic Englaciation   Hex/Ice        #####.....   1%          5    ####...
 Ozocubu's Refrigeration  Ice            ######....   1%          6    ######.
 Confusing Touch          Hex            ####....     2%          3    None
 Inner Flame              Hex/Fire       ####....     2%          3    None
 Static Discharge         Conj/Air       ####....     2%          3    None
 Tukima's Dance           Hex            ####....     2%          3    None
 Sting                    Tmut/Pois      ###.         3%          1    None
 Shroud of Golubria       Chrm/Tloc      ###...       4%          2    None
 Iskenderun's Mystic Bla  Conj/Tloc      ####....     4%          4    ##.....
 Petrify                  Tmut/Erth      ####....     4%          4    ##.....
 Ignite Poison            Fire/Tmut/Pois ###.....     6%          3    None
 Fulminant Prism          Conj/Hex       ####......   6%          4    ##.....
 Leda's Liquefaction      Hex/Erth       ####......   6%          4    ##.....
 Sticky Flame             Conj/Fire      ####....     6%          4    ##.....
 Mephitic Cloud           Conj/Pois/Air  ###.....     9%          3    None
 Cause Fear               Hex            ####......   9%          4    ##.....
 Summon Lightning Spire   Summ/Air       ####....     9%          4    ##.....
 Spider Form              Tmut/Pois      ###.......   10%         3    None
 Corpse Rot               Necr/Air       N/A          11%         2    None
 Poisonous Vapours        Pois/Air       ###...       11%         2    None
 Swiftness                Chrm/Air       ###.....     11%         2    None
 Blade Hands              Tmut           ####......   11%         5    ####...
 Irradiate                Conj/Tmut      ####......   11%         5    ####...
 Summon Demon             Summ           ####......   11%         5    ####...
 Summon Forest            Summ/Tloc      ####......   11%         5    ####...
 Spectral Weapon          Hex/Chrm       ###.....     14%         3    None
 Bolt of Magma            Conj/Fire/Erth ####......   14%         5    ####...
 Summon Mana Viper        Hex/Summ       ####....     16%         5    ####...
 Yara's Violent Unravell  Hex/Tmut       ####......   17%         5    ####...
 Airstrike                Air            ###.......   21%         4    ##.....
 Freezing Cloud           Conj/Ice/Air   #####.....   21%         6    ######.
 Animate Skeleton         Necr           N/A          24%         1    None
 Infusion                 Chrm           ##..         24%         1    None
 Pain                     Necr           ##..         24%         1    None
 Lightning Bolt           Conj/Air       ####......   26%         5    ####...
 Song of Slaying          Chrm           ##......     36%         2    None
 Simulacrum               Ice/Necr       ####......   36%         6    ######.
 Shadow Creatures         Summ           N/A          50%         6    ######.
 Hydra Form               Tmut           ####......   52%         6    ######.
 Iron Shot                Conj/Erth      ####......   52%         6    ######.
 Vampiric Draining        Necr           ##........   58%         3    None
 Alistair's Intoxication  Tmut/Pois      ###.....     65%         5    ####...
 Borgnjor's Vile Clutch   Necr/Erth      ###.......   65%         5    ####...
 Iskenderun's Battlesphe  Conj/Chrm      ###.....     65%         5    ####...
 Invisibility             Hex            ####....     80%         6    ######.
 Animate Dead             Necr           N/A          94%         4    ##.....
 Olgreb's Toxic Radiance  Pois           ##......     94%         4    ##.....
 Malign Gateway           Summ/Tloc      ####......   97%         7    #######
 Monstrous Menagerie      Summ           ####......   97%         7    #######
 Spellforged Servitor     Conj/Summ      ####......   97%         7    #######
 Summon Greater Demon     Summ           ####......   97%         7    #######
 Summon Hydra             Summ           ####......   97%         7    #######
 Dragon Form              Tmut           ####......   98%         7    #######
 Orb of Destruction       Conj           ####......   98%         7    #######
 Eringya's Noxious Bog    Tmut/Pois      ###.......   99%         6    ######.
 Agony                    Necr           ##......     100%        5    ####...
 Excruciating Wounds      Chrm/Necr      ##........   100%        5    ####...
 Death Channel            Necr           ##........   100%        6    ######.
 Deflect Missiles         Chrm/Air       ###.......   100%        6    ######.
 Haunt                    Necr/Summ      ###.......   100%        7    #######
 Ring of Flames           Chrm/Fire      ###.......   100%        7    #######
 Borgnjor's Revivificati  Necr           ##........   100%        8    #######
 Death's Door             Chrm/Necr      ##........   100%        8    #######
 Discord                  Hex            ####......   100%        8    #######
 Infestation              Necr           ##........   100%        8    #######
 Necromutation            Tmut/Necr      ###.......   100%        8    #######
 Summon Horrible Things   Summ           ####......   100%        8    #######
 Tornado                  Air            ###.......   100%        9    #######
 Passage of Golubria      Tloc           Unusable     N/A         4    N/A
 Sublimation of Blood     Necr           Unusable     N/A         2    N/A
 Statue Form              Tmut/Erth      Unusable     N/A         6    N/A

Dungeon Overview and Level Annotations

Branches:
Dungeon (15/15)            Temple (1/1) D:4            Lair (6/6) D:8
  Swamp (4/4) Lair:4        Snake (4/4) Lair:3        Slime (5/5) Lair:6
    Orc (2/2) D:11            Elf (3/3) Orc:2        Vaults (5/5) D:14
  Crypt (3/3) Vaults:3       Tomb (3/3) Crypt:3      Depths (5/5) D:15
   Hell (visited)             Dis (7/7) Hell            Geh (7/7) Hell
    Coc (7/7) Hell            Tar (7/7) Hell            Zot (5/5) Depths:5
Ossuary (visited)           IceCv (visited)          WizLab (visited)
Desolation (visited)      Gauntlet (visited)

Altars:
Ashenzari
Cheibriados
Dithmenos
Elyvilon
Fedhas
Gozag
Hepliaklqana
Kikubaaqudgha
Makhleb
Nemelex Xobeh
Okawaru
Qazlal
Ru
Sif Muna
Trog
Uskayaw
Vehumet
Wu Jian
Xom
Yredelemnul
Zin
The Shining One

Shops:
D:4 ?   D:11 =*   Orc:1 *   Orc:2 }=(?   Elf:3 =[!=*   Snake:1 :}*:
Snake:2 }}=   Snake:3 }   Vaults:1 [!%   Vaults:2 =   Depths:2 *   Depths:4 %

Portals:
Hell: Lair:6 Depths:1 Depths:2 Depths:3 Depths:4 Depths:5
Abyss: Depths:4 Depths:5
Pandemonium: Depths:2 Depths:3
Ziggurat: Depths:3

Annotations:
Slime:2 Dissolution
Zot:5 exclusion: door


Innate Abilities, Weirdness & Mutations

You are resistant to torment.
Your stone body is resilient. (AC +20)
You are immune to poison.
Your large and strong wings let you fly indefinitely.
You resist negative energy. (rN+)
You are resistant to electric shocks. (rElec)
You can survive without breathing.
You are immune to petrification.
You are immune to rotting.
You are surrounded by a mild repulsion field. (EV +2)
You are partially covered in slimy green scales. (AC +2)
You are partially covered in yellow scales. (AC +2)
You passively map a small area around you.
You do not regenerate when monsters are visible.
You are occasionally teleported next to monsters.
Potions are less effective at restoring your health.
You expend magic power (3 MP) to strengthen your wands.


Message History

You kill the Tzitzimitl!
The Shining One accepts your kill.
No target in view!
No target in view!
(D) Dungeon (T) Temple (L) Lair (S) Swamp (P) Snake Pit (M) Slime Pits (O) Orcish Mines (E) Elven Halls (V) Vaults (C) Crypt (W) Tomb (U) Depths (H) Hell (I) Dis (G) Gehenna (X) Cocytus (Y) Tartarus (Z) Zot
Where to? (Enter - D:1 @ (x,y), ? - help)
What level of the Dungeon? (default 1, ? - help)
There is a stone staircase leading up here.
You fly upwards.
There is a stone staircase leading down here.
There is a stone staircase leading up here.
You fly upwards.
There is a stone staircase leading down here.
There is a staircase leading out of the dungeon here.
There is a staircase leading out of the dungeon here.
You have escaped!

.## #.............#.# #.#.##
..######.##............# #.#...
#.##.....##..≈≈≈.≈≈≈...## #.####
#.#...#..#..≈≈.....≈≈...# #.#...
#...#.#....≈≈..8....≈≈..####.#.##
##.)..#...≈≈.........≈≈.#....#...
#...##...≈...........≈.#.####...
#........≈........8..≈.#........
#........≈≈..8.@..♣.≈≈.#..###.##
##...#....≈≈.......≈≈.....# #.##
#...#.....≈≈...♣.≈≈..#..## #.##
###...#......≈≈≈≈≈≈≈..##..# #.##
......#..#...........###..####.##
###...#..#.......##### #.......##
.........#......## #...######
####..##.#......# #...## #
.........#......# #....# #


There were no monsters in sight!

Vanquished Creatures
  Cerebov (Pan)
  Asmodeus (Geh:7)
  the Royal Jelly (Slime:5)
  Lom Lobon (Pan)
  Gloorx Vloq (Pan)
  A seraph (Pan)
  the Serpent of Hell (Coc:7)
  Mnoleg (Pan)
  4 pandemonium lords (Pan)
  Dispater (Dis:7)
  Mara (Swamp:4)
  4 orbs of fire
  Khufu (Tomb:3)
  Mennas (Pan)
  9 ancient liches
  3 juggernauts
  Sojobo (Tomb:2)
  Boris (Crypt:3)
  34 greater mummies
  17 shard shrikes
  Frederick (Tomb:2)
  7 Killer Klowns
  Saint Roka (Crypt:3)
  Geryon (Hell)
  7 caustic shrikes
  10 golden dragons
  2 curse toes
  16 Brimstone Fiends
  Jory (Vaults:4)
  7 bone dragons
  2 pearl dragons (Pan)
  4 electric golems
  5 Tzitzimimeh
  3 iron giants (Dis:7)
  2 doom hounds (Tar:7)
  Rupert (D:15)
  Jorgrun (Snake:2)
  24 tentacled monstrosities
  13 Ice Fiends
  7 Hell Sentinels
  A Cloud Mage (WizLab)
  18 acid blobs
  2 deep elf blademasters
  28 Orb Guardians
  8 titans
  16 liches
  13 quicksilver dragons
  An eldritch tentacle (Tar:7)
  22 ancient champions
  3 tentacled starspawn
  33 Executioners
  7 death cobs
  7 sphinxes
  2 thorn hunters
  Agnes (D:15)
  24 shadow dragons
  5 draconian monks
  3 azure jellies
  13 tengu reavers
  13 storm dragons
  4 revenants
  8 nagarajas
  14 blood saints (Pan)
  8 deep elf sorcerers
  8 draconian knights
  11 daevas (Pan)
  6 corrupters (Pan)
  An orc warlord (Orc:1)
  The ghost of Nedwecyt the Eternal Night, a journeyman DsAs of Dithmenos (Depths:2)
  22 frost giants
  7 ghost moths
  7 draconian scorchers
  26 fire giants
  7 deep elf elementalists
  47 balrugs
  9 warmongers (Pan)
  7 vault wardens
  12 cacodemons (Pan)
  A juggernaut zombie (Crypt:1)
  3 imperial myrmidons (Desolation)
  7 draconian stormcallers
  11 iron dragons
  25 angels (Pan)
  10 ironheart preservers
  2 curse skulls (Pan)
  36 reapers
  3 ghouls
  19 stone giants
  6 draconian shifters
  8 draconian annihilators
  2 elemental wellsprings (Coc:7)
  15 bennus
  12 ophanim (Pan)
  23 apis (Pan)
  3 entropy weavers
  14 war gargoyles
  27 very ugly things
  3 deep elf demonologists
  9 deep elf annihilators
  12 green draconians
  A dire elephant (Lair:6)
  13 vampire knights
  A halazid warlock (Desolation)
  12 lorocyprocas
  14 black draconians
  7 yellow draconians
  10 purple draconians
  21 spark wasps
  10 red draconians
  13 white draconians
  12 black suns (Pan)
  A minotaur (Gauntlet)
  9 green deaths (Pan)
  21 ettins
  An ettin (shapeshifter) (Vaults:5)
  Snorg (Orc:1)
  38 blizzard demons
  9 deep elf death magi
  9 death oozes
  21 mummy priests
  4 crystal guardians
  15 fire dragons
  3 quicksilver dragon zombies
  2 ragged hierophants (Desolation)
  38 ice dragons
  4 deep elf high priests
  19 yaktaur captains
  6 eidola
  7 jiangshi
  28 vault guards
  7 great orbs of eyes
  6 servants of whispers (Desolation)
  2 rakshasas
  16 ogre magi
  2 kraken zombies
  2 quicksilver dragon skeletons (Coc:7)
  12 monstrous demonspawn (Pan)
  Fannar (Lair:3)
  16 hydras
  6 peacekeepers (Desolation)
  4 hell beasts
  2 juggernaut simulacra (Pan)
  10 naga warriors
  8 spriggan air magi
  3 catoblepae
  5 death knights
  5 ghost crabs
  57 two-headed ogres
  A shambling mangrove (Swamp:3)
  9 centaur warriors
  7 anacondas
  19 alligators
  A satyr (Abyss:5)
  24 dancing weapons
  41 death scarabs
  7 deep troll shamans
  19 hell hogs
  5 tengu warriors
  14 vampire magi
  10 death yaks
  An orc high priest (Orc:2)
  12 naga sharpshooters
  2 deep troll earth magi
  7 shock serpents
  A shock serpent (shapeshifter) (Vaults:3)
  5 iron golems
  42 hell knights
  A storm dragon zombie (Crypt:3)
  Sonja (Lair:2)
  2 titan zombies
  Nergalle (D:10)
  25 shadow wraiths
  11 spriggan berserkers
  29 deep elf knights
  8 thrashing horrors
  45 soul eaters
  A fire crab (shapeshifter) (Vaults:5)
  2 salamander mystics
  68 sun demons
  8 iron trolls
  93 skeletal warriors
  A storm dragon skeleton (Dis:1)
  4 golden dragon zombies
  29 sixfirhies
  4 titan skeletons
  2 ghost moth zombies
  9 unseen horrors
  17 cherubim (Pan)
  A swamp dragon (Swamp:3)
  6 anaconda zombies
  A spatial maelstrom (Abyss:4)
  13 gelid demonspawn (Pan)
  14 shadow demons
  17 deep trolls
  8 death drakes
  24 starcursed masses
  13 flayed ghosts
  10 infernal demonspawn
  5 wretched stars
  An obsidian statue (Depths:2)
  7 wizards
  6 torturous demonspawn (Pan)
  3 iron dragon zombies
  A spriggan druid (Swamp:3)
  28 ironbrand convokers
  An orange crystal statue (Depths:1)
  A lindwurm (shapeshifter) (Vaults:4)
  8 naga ritualists
  14 deep elf archers
  4 shadow dragon zombies
  4 glowing orange brains
  2 golden dragon skeletons
  13 mana vipers
  26 phantasmal warriors
  3 lindwurms (Lair:6)
  7 harpies
  13 orc knights
  A wolf spider zombie (Dis:7)
  46 deep elf magi
  7 anaconda skeletons
  44 ugly things
  4 orc sorcerers
  21 necromancers
  3 wolf spiders
  A faun (shapeshifter) (Abyss:5)
  8 stone giant zombies
  3 shadow dragon skeletons
  7 cyclopes
  2 shining eyes
  A manticore (D:15)
  9 frost giant zombies
  6 fire giant zombies
  An elephant (Lair:6)
  17 salamanders
  A manticore (shapeshifter) (D:14)
  5 iron dragon skeletons
  A sphinx skeleton (Vaults:3)
  4 worldbinders (Abyss:5)
  5 stone giant skeletons
  5 frost giant skeletons
  27 moths of wrath
  2 fire giant skeletons
  2 guardian serpents (shapeshifter)
  33 black mambas
  13 rust devils
  7 dire elephant zombies
  A torpor snail (shapeshifter) (Vaults:5)
  3 gargoyles
  50 smoke demons
  A black mamba (shapeshifter) (Vaults:5)
  7 apocalypse crabs
  3 eyes of devastation
  4 ice statues
  A guardian serpent (Snake:4)
  An eye of devastation (shapeshifter) (Depths:3)
  3 molten gargoyles
  A torpor snail (Lair:6)
  9 spiny frogs
  22 naga magi
  A storm dragon simulacrum (Vaults:3)
  An alligator snapping turtle zombie (Crypt:3)
  5 dire elephant skeletons
  Maggie (D:7)
  11 vault sentinels
  A kobold demonologist (D:13)
  21 orange demons
  An emperor scorpion zombie (Coc:7)
  A yaktaur zombie (Vaults:3)
  17 hellions
  5 rime drakes
  4 komodo dragons
  2 anaconda simulacra
  43 ice devils
  50 yaktaurs
  26 tormentors
  A purple draconian zombie (Crypt:3)
  11 demonic crawlers (Pan)
  23 hellwings
  54 guardian mummies
  An alligator snapping turtle skeleton (Crypt:1)
  A komodo dragon (shapeshifter) (Elf:1)
  A yaktaur (shapeshifter) (Depths:4)
  A purple draconian skeleton (Crypt:1)
  38 freezing wraiths
  18 efreet
  A rime drake (shapeshifter) (Vaults:3)
  A harpy zombie (Dis:2)
  A black draconian skeleton (Crypt:2)
  A catoblepas skeleton (Geh:5)
  45 red devils
  2 silent spectres
  A jumping spider (shapeshifter) (Vaults:1)
  2 queen bees (shapeshifter)
  11 trolls
  A troll (shapeshifter) (Vaults:3)
  2 ancient zymes (Abyss:5)
  11 tengu conjurers
  A polar bear (shapeshifter) (Vaults:3)
  15 hornets
  Grinder (D:4)
  An ettin zombie (Geh:1)
  3 hydra skeletons
  9 tyrant leeches
  36 saltlings (Desolation)
  A hornet (shapeshifter) (Vaults:3)
  18 polar bears
  4 ice dragon zombies
  A harpy skeleton (Geh:6)
  7 hippogriffs
  74 slime creatures
  18 hydra zombies
  A wind drake (WizLab)
  9 blink frogs
  8 alligator zombies
  8 bog bodies
  11 raiju
  A sphinx simulacrum (Vaults:3)
  2 dream sheep (shapeshifter)
  2 frost giant simulacra
  48 large abominations
  3 fire dragon zombies
  A meliai zombie (Crypt:3)
  A human simulacrum (Vaults:2)
  109 flying skulls
  4 alligator skeletons
  4 black mamba zombies
  28 ynoxinuls
  A centaur simulacrum (D:14)
  A redback (Vaults:5)
  Sigmund (D:4)
  8 spriggans
  26 wraiths
  3 ettin skeletons
  21 water elementals
  19 fire elementals
  4 ice dragon skeletons
  72 yaks
  9 ushabtiu
  16 shadows
  13 air elementals
  4 wyverns
  4 basilisks
  4 fire dragon skeletons
  A yak (shapeshifter) (Depths:4)
  3 black mamba skeletons
  4 vampires
  A tarantella (shapeshifter) (Depths:4)
  6 hogs
  2 hogs (shapeshifter)
  17 chaos spawn
  A human (D:12)
  4 hungry ghosts
  4 golden eyes
  Eustachio (D:5)
  3 fire bats
  A yaktaur simulacrum (Vaults:3)
  11 vampire mosquitoes
  23 neqoxecs
  4 swamp worm simulacra (Swamp:4)
  Menkaure (D:5)
  A steam dragon (D:11)
  2 deep troll zombies
  A steam dragon (shapeshifter) (Depths:5)
  Edmund (D:4)
  18 swamp worms
  6 wargs
  35 nagas
  A spatial vortex (Abyss:5)
  16 hydra simulacra
  10 insubstantial wisps
  24 hell hounds
  4 floating eyes
  A merfolk skeleton (Geh:1)
  Duvessa (D:5)
  6 porcupines
  6 water moccasins
  12 spiny frog zombies
  60 orc warriors
  3 snapping turtle zombies
  A black bear (shapeshifter) (Vaults:1)
  13 ice beasts
  3 spiny frog skeletons
  9 swamp drakes
  5 sky beasts
  A black bear (D:7)
  A blink frog zombie (Crypt:1)
  2 manticore zombies
  8 eyes of draining
  6 snapping turtle skeletons
  7 necrophages
  An elf zombie (Vaults:3)
  43 ogres
  6 phantoms
  3 human skeletons
  10 boggarts
  A hornet zombie (Crypt:3)
  19 wolves
  15 crocodiles
  26 centaurs
  9 small abominations
  A crocodile (shapeshifter) (Vaults:3)
  3 human zombies
  2 swamp dragon skeletons
  5 big kobolds
  21 bullfrogs
  2 deep troll simulacra
  A wyvern zombie (D:12)
  2 earth elementals
  A komodo dragon skeleton (Crypt:3)
  Dowan (D:5)
  An elf skeleton (Coc:1)
  2 spiny frog simulacra
  6 scorpions
  A spriggan zombie (Tar:7)
  4 troll zombies
  2 wyvern skeletons
  3 elf simulacra
  A yak skeleton (Crypt:1)
  11 killer bees
  A manticore simulacrum (Crypt:3)
  36 wights
  A howler monkey (D:4)
  5 electric eels
  17 crimson imps
  4 bullfrog zombies
  A demonspawn zombie (Crypt:3)
  A black bear zombie (Crypt:1)
  3 jellies
  7 centaur zombies
  10 hounds
  22 orc wizards
  4 quasits
  A gnoll shaman (D:6)
  13 orc priests
  12 iron imps
  4 bullfrog skeletons
  6 centaur skeletons
  63 mummies
  7 iguanas
  Natasha (thrice) (D:2)
  A hell rat (Lair:6)
  12 worker ants
  A killer bee zombie (Crypt:1)
  A crocodile zombie (Crypt:2)
  6 ogre zombies
  A naga skeleton (Abyss:1)
  3 hound zombies
  2 ogre skeletons
  A hound skeleton (D:5)
  4 howler monkey zombies
  A howler monkey skeleton (D:8)
  14 adders
  15 gnolls
  An ogre simulacrum (Tomb:1)
  3 worker ant zombies (Ossuary)
  15 shadow imps
  A swamp drake skeleton (Crypt:2)
  23 white imps
  3 oozes
  4 swamp drake simulacra (Swamp:4)
  3 adder zombies (Ossuary)
  A worm (D:3)
  5 dart slugs
  4 leopard geckos
  92 orcs
  5 giant cockroaches
  6 goblins
  13 hobgoblins
  10 jackals
  28 kobolds
  2 quokkas (D:2)
  2 ball pythons
  A ball python zombie (Crypt:1)
  7 bats
  6 frilled lizards
  A goblin skeleton (D:11)
  3 goblin zombies (D:11)
  A hobgoblin skeleton (D:11)
  2 hobgoblin zombies (D:11)
  A jackal zombie (Ossuary)
  2 kobold skeletons
  4 leopard gecko skeletons
  A leopard gecko zombie (Ossuary)
  3 orc skeletons
  16 orc zombies (D:11)
  A quokka skeleton (Crypt:3)
  4 quokka zombies (Ossuary)
  A rat (shapeshifter) (Vaults:5)
  6 rats
  A rat skeleton (Crypt:1)
  A block of ice (Pan)
  5 crawling corpses
  8 fire vortices (Geh:7)
  A plant (Depths:5)
  2 starspawn tentacles (Abyss:5)
  4 tentacles
4817 creatures vanquished.

Vanquished Creatures (collateral kills)
  Antaeus (Coc:7)
  Ereshkigal (Tar:7)
  7 greater mummies
  An iron giant (Dis:7)
  A bone dragon (Coc:7)
  4 Tzitzimimeh
  5 Ice Fiends
  2 Hell Sentinels (Dis:7)
  8 acid blobs (Slime:5)
  3 pandemonium lords
  A tentacled starspawn (Abyss:5)
  An ancient champion (Tomb:3)
  An Executioner (Pan)
  Kirke (D:15)
  A tengu reaver (Tomb:2)
  2 shadow dragons (Tar:7)
  2 azure jellies (Slime:5)
  An iron dragon (Dis:7)
  A cacodemon (Abyss:5)
  2 frost giants (Hell)
  2 balrugs
  A draconian stormcaller (Zot:3)
  A black sun (Pan)
  2 very ugly things (Pan)
  7 reapers
  A vampire knight (Tar:7)
  3 bennus (Tomb:3)
  4 war gargoyles
  Nessos (D:15)
  A lorocyproca (Pan)
  2 green deaths (Pan)
  4 blizzard demons
  3 mummy priests
  A ghost crab (Tar:7)
  3 ice dragons (Coc:7)
  A two-headed ogre (D:15)
  A catoblepas (Lair:6)
  6 death scarabs
  5 hell hogs
  A vampire mage (Hell)
  3 soul eaters
  4 sun demons
  An iron golem (Hell)
  2 spatial maelstroms (Abyss:5)
  A wretched star (Abyss:5)
  A storm dragon zombie (Tomb:2)
  3 large abominations
  6 skeletal warriors
  A shadow demon (Tar:7)
  A gelid demonspawn (Pan)
  A spark wasp zombie (Hell)
  A wizard (Lair:6)
  An unseen horror (Pan)
  An anaconda zombie (Tar:7)
  A lindwurm (Lair:6)
  A stone giant zombie (Tomb:3)
  3 ugly things
  An eye of devastation (Slime:5)
  A frost giant skeleton (Coc:7)
  A stone giant skeleton (Coc:7)
  4 rust devils (Hell)
  3 smoke demons
  4 orange demons
  2 guardian mummies
  2 tormentors
  An ancient zyme (Abyss:5)
  An efreet (Geh:7)
  A hellwing (Pan)
  4 ice devils
  An anaconda simulacrum (Hell)
  2 hydra zombies
  3 red devils
  2 hydra skeletons
  A jumping spider (shapeshifter) (D:15)
  2 fire dragon zombies
  A bog body (Coc:7)
  A raiju (Abyss:5)
  A deep troll zombie (Hell)
  A slime creature (D:15)
  A spriggan zombie (Hell)
  9 flying skulls
  An ice dragon skeleton (Coc:7)
  A wraith (Dis:7)
  A ynoxinul (Pan)
  A water elemental (D:15)
  An ushabti (Tomb:3)
  A fire elemental (Hell)
  5 neqoxecs
  A chaos spawn (Pan)
  An insubstantial wisp (Abyss:5)
  A human zombie (Hell)
  2 hydra simulacra (Hell)
  4 hell hounds
  2 snapping turtle zombies (Dis:7)
  An ogre (D:15)
  2 centaurs (D:15)
  2 small abominations (Abyss:5)
  2 starcursed masses (Abyss:5)
  An iron imp (Dis:7)
  4 mummies
  A white imp (Coc:7)
  A starspawn tentacle (Abyss:5)
214 creatures vanquished.

Vanquished Creatures (others)
  A curse toe (Zot:5)
  A deep elf master archer (Elf:3)
  An Executioner (Pan)
  An eldritch tentacle (Pan)
  A draconian shifter (Zot:5)
  A warmonger (Pan)
  A draconian knight (Zot:5)
  A stone giant (Depths:4)
  A green draconian (Zot:5)
  2 red draconians (Zot:5)
  A spark wasp (WizLab)
  2 blizzard demons (Pan)
  2 yaktaur captains
  2 ice dragons
  A peacekeeper (Desolation)
  2 alligators (Swamp:4)
  5 dancing weapons (Elf:1)
  A hell hog (Dis:4)
  A spriggan berserker (Depths:5)
  A soul eater (Hell)
  2 naga sharpshooters (Snake:4)
  A deep elf archer (Elf:1)
  An anaconda skeleton (Geh:7)
  A cyclops (Vaults:2)
  2 moths of wrath
  A smoke demon (Pan)
  6 yaktaurs
  A shadow (Tar:7)
  A human (D:15)
  A large abomination (Pan)
  A wraith (Geh:7)
  A hog (D:15)
  A snapping turtle zombie (Geh:7)
  3 ogres
  A spiny frog skeleton (Geh:7)
  4 centaurs
  A wight (Geh:7)
  5 ball lightnings (Pan)
  An orc (Vaults:2)
  2 blocks of ice (Pan)
  2 briar patches (Swamp:4)
  3 fungi
  2 lurking horrors (Abyss:5)
  14 plants (D:15)
  4 starspawn tentacles (Abyss:5)
  10 tentacles
  2 withered plants (Ossuary)
103 creatures vanquished.

Grand Total: 5134 creatures vanquished

Notes
Turn   | Place    | Note
-------+----------+-------------------------------------------
     0 | D:1      | VincentAMV the Gargoyle Fighter began the quest for the
                  | Orb.
     0 | D:1      | Reached XP level 1. HP: 14/14 MP: 1/1
    23 | D:1      | Reached XP level 2. HP: 20/20 MP: 2/2
   440 | D:1      | Reached XP level 3. HP: 23/24 MP: 3/3
   780 | D:2      | Noticed a centaur
   791 | D:2      | Killed a centaur
   791 | D:2      | Reached XP level 4. HP: 10/30 MP: 4/4
  1004 | D:2      | Reached XP level 5. HP: 31/34 MP: 5/5
  1424 | D:2      | Noticed Natasha
  1429 | D:2      | Killed Natasha
  1495 | D:2      | Reached skill level 5 in Maces & Flails
  2209 | D:2      | Noticed Natasha
  2214 | D:2      | Killed Natasha
  2222 | D:2      | Noticed Natasha
  2231 | D:2      | Killed Natasha
  2231 | D:2      | Reached XP level 6. HP: 32/39 MP: 6/6
  2941 | D:3      | Found a glowing golden altar of the Shining One.
  2943 | D:3      | Noticed an angel
  2948 | D:3      | Became a worshipper of the Shining One
  2968 | D:3      | Found a basalt altar of Yredelemnul.
  2970 | D:3      | Noticed a profane servitor
  3050 | D:4      | Noticed Grinder
  3050 | D:4      | Noticed Edmund
  3281 | D:4      | Found Nofros's Magic Scroll Shoppe.
  3296 | D:4      | Bought a scroll of blinking for 105 gold pieces
  3326 | D:4      | Killed Edmund
  3368 | D:4      | Reached XP level 7. HP: 43/44 MP: 7/7
  3376 | D:4      | Reached skill level 1 in Invocations
  3418 | D:4      | Reached skill level 5 in Fighting
  3427 | D:4      | Noticed Sigmund
  3447 | D:4      | Killed Sigmund
  3540 | D:4      | Killed Grinder
  3540 | D:4      | Reached * piety under the Shining One
  3540 | D:4      | Reached XP level 8. HP: 23/49 MP: 9/9
  3550 | D:4      | Found a sand-covered staircase.
  3555 | Ossuary  | Entered an ossuary
  3753 | Ossuary  | Reached ** piety under the Shining One
  3833 | Ossuary  | Reached *** piety under the Shining One
  4073 | D:4      | Found a staircase to the Ecumenical Temple.
  4135 | Temple   | Entered the Ecumenical Temple
  4351 | D:4      | Bought a scroll of identify for 28 gold pieces
  4351 | D:4      | Bought a scroll of identify for 28 gold pieces
  4351 | D:4      | Bought a scroll of identify for 28 gold pieces
  4373 | D:5      | Entered Level 5 of the Dungeon
  4376 | D:5      | Noticed Menkaure
  4381 | D:5      | Noticed Dowan
  4383 | D:5      | Noticed Duvessa
  4387 | D:5      | Killed Menkaure
  4552 | D:5      | Killed Duvessa
  4562 | D:5      | Killed Dowan
  4562 | D:5      | Reached skill level 10 in Maces & Flails
  4777 | D:5      | Found an opulent altar of Gozag.
  4778 | D:5      | Found a shattered altar of Ashenzari.
  4781 | D:5      | Found an iron altar of Okawaru.
  4812 | D:5      | Reached XP level 9. HP: 53/54 MP: 11/11
  5046 | D:5      | Noticed Eustachio
  5046 | D:5      | Reached **** piety under the Shining One
  5054 | D:5      | Killed Eustachio
  6368 | D:7      | Reached XP level 10. HP: 59/59 MP: 13/13
  6608 | D:7      | Noticed Maggie
  6620 | D:7      | Killed Maggie
  6969 | D:8      | You fall into a shaft and drop 1 floor!
  7120 | D:9      | Reached ***** piety under the Shining One
  7383 | D:8      | Reached skill level 5 in Invocations
  7429 | D:8      | Noticed a death yak
  7430 | D:8      | Noticed a death yak
  7642 | D:8      | Noticed a two-headed ogre
  8258 | D:8      | Noticed a death yak
  8275 | D:9      | Killed a death yak
  8275 | D:9      | Reached XP level 11. HP: 19/63 MP: 15/15
  8283 | D:9      | Killed a death yak
  8507 | D:9      | The Shining One protects you from harm!
  8556 | D:9      | Killed a death yak
  8556 | D:9      | Reached skill level 15 in Maces & Flails
  8837 | D:8      | HP: 2/63 [orc warrior/+0 war axe (11)]
  8956 | D:8      | Found a staircase to the Lair.
  8966 | D:8      | Found a shimmering altar of Xom.
  8966 | D:8      | Found a blossoming altar of Fedhas.
  9067 | D:8      | Killed a two-headed ogre
  9296 | D:8      | Found a radiant altar of Vehumet.
  9481 | D:10     | Entered Level 10 of the Dungeon
  9639 | D:10     | Noticed a two-headed ogre
 10054 | D:11     | Found a staircase to the Orcish Mines.
 10058 | D:11     | Reached ****** piety under the Shining One
 10311 | D:11     | Noticed a seven-headed hydra
 10501 | D:11     | Found Cyinijom's Jewellery Shop.
 10506 | D:11     | Bought an uncursed ring of protection from magic for 250
                  | gold pieces
 10563 | D:11     | Killed a seven-headed hydra
 10563 | D:11     | Reached skill level 5 in Shields
 10642 | D:11     | Reached XP level 12. HP: 67/69 MP: 16/16
 10830 | D:11     | Found Syhym's Mayhem Merchandise.
 10836 | D:11     | Bought a wand of iceblast (9) for 182 gold pieces
 11081 | D:12     | Noticed a two-headed ogre
 11091 | D:12     | Killed a two-headed ogre
 11634 | D:12     | Reached skill level 5 in Armour
 11704 | D:12     | Noticed a two-headed ogre
 11713 | D:12     | Killed a two-headed ogre
 12238 | D:10     | Killed a two-headed ogre
 12257 | D:10     | Noticed Nergalle
 12273 | D:10     | Killed Nergalle
 12320 | Lair:1   | Entered Level 1 of the Lair of Beasts
 12320 | Lair:1   | Noticed a five-headed hydra
 12328 | Lair:1   | Killed a five-headed hydra
 12510 | Lair:1   | Reached XP level 13. HP: 49/78 MP: 19/19
 13211 | Lair:2   | Noticed Sonja
 13220 | Lair:2   | Reached skill level 10 in Shields
 13429 | Lair:3   | Found a frozen archway.
 13469 | IceCv    | Entered an ice cave
 14443 | IceCv    | Noticed a frost giant
 14455 | IceCv    | Killed a frost giant
 14728 | IceCv    | Identified the Catalogue of Creative Fire
 15107 | Lair:3   | Noticed Fannar
 15140 | Lair:3   | Killed Fannar
 15190 | Lair:3   | Found a staircase to the Snake Pit.
 15608 | Lair:2   | Gained mutation: Your large and strong wings let you fly
                  | indefinitely. [Gargoyle growth]
 15608 | Lair:2   | Reached XP level 14. HP: 65/84 MP: 21/21
 15672 | Lair:2   | Cast into level 1 of the Abyss (Sonja)
 15684 | Abyss:1  | Found a corrupted altar of Lugonu.
 15774 | Abyss:1  | Noticed a bone dragon
 15792 | Abyss:1  | Killed a bone dragon
 15901 | Abyss:1  | Found an opulent altar of Gozag.
 15913 | Abyss:1  | Found an opulent altar of Gozag.
 16017 | Abyss:1  | Noticed a bone dragon
 16059 | Abyss:1  | Killed a bone dragon
 16059 | Abyss:1  | Reached skill level 10 in Invocations
 16061 | Lair:2   | Escaped the Abyss
 16065 | Lair:2   | Killed Sonja
 16932 | Lair:4   | Found a staircase to the Swamp.
 17299 | Lair:4   | Reached skill level 15 in Shields
 17880 | Lair:4   | Got a brightly glowing plate armour
 17881 | Lair:4   | Identified the cursed +0 plate armour "Muwn" {MR+ Str+4
                  | Dex-5} (You found it on level 4 of the Lair of Beasts)
 18695 | Lair:6   | Entered Level 6 of the Lair of Beasts
 18695 | Lair:6   | Found a staircase to the Slime Pits.
 18977 | Lair:5   | Reached XP level 15. HP: 68/89 MP: 23/23
 19128 | Lair:6   | Found a gate leading to a gauntlet.
 19184 | Gauntlet | Entered a Gauntlet
 19184 | Gauntlet | Found a transporter.
 19184 | Gauntlet | Found a transporter.
 19201 | Gauntlet | Found a transporter.
 19205 | Gauntlet | Found a transporter.
 19211 | Gauntlet | Found a runed translucent gate.
 19211 | Gauntlet | Found a runed translucent gate.
 19212 | Gauntlet | Found a runed translucent gate.
 19213 | Gauntlet | Found a transporter.
 19217 | Gauntlet | Found a transporter.
 19225 | Gauntlet | Found a transporter.
 19245 | Gauntlet | Found a transporter.
 19263 | Gauntlet | Found a transporter.
 19267 | Gauntlet | Found a transporter.
 19275 | Gauntlet | Found a transporter.
 19279 | Gauntlet | Found a transporter.
 19478 | Gauntlet | Found a runed translucent door.
 19755 | Gauntlet | Got a faintly glowing hat
 19757 | Gauntlet | Identified the cursed -1 hat of Weightlessness {+Inv Str+4
                  | Dex+2} (You found it in a Gauntlet)
 19775 | Gauntlet | Identified the +5 ring mail "Jomonali" {MR- Str+2 Int-4
                  | Dex+3}
 19785 | Gauntlet | Reached skill level 10 in Fighting
 20139 | Lair:6   | Reached skill level 10 in Armour
 20473 | Lair:6   | Found a burning altar of Makhleb.
 20529 | Lair:6   | Found a gateway to Hell.
 20722 | Lair:6   | Found the +27 Lear's hauberk
 20726 | Lair:6   | Reached skill level 1 in Dodging
 21255 | Orc:1    | Entered Level 1 of the Orcish Mines
 21514 | Orc:1    | Found Aceup's Mass Market.
 21623 | Orc:1    | Noticed Snorg
 21631 | Orc:1    | Killed Snorg
 21755 | Orc:2    | Entered Level 2 of the Orcish Mines
 21802 | Orc:2    | Noticed an orc warlord
 21913 | Orc:1    | Killed an orc warlord
 22093 | Orc:2    | Found a staircase to the Elven Halls.
 22619 | Orc:2    | Reached XP level 16. HP: 101/101 MP: 22/24
 22890 | Orc:2    | Found Tilux's Weapon Emporium.
 22890 | Orc:2    | Found Ojuixtemn's Jewellery Boutique.
 22890 | Orc:2    | Found Cooxev's Gadget Shop.
 22893 | Orc:2    | Found Barphe's Magic Scroll Shoppe.
 23091 | Orc:2    | Bought a scroll of teleportation for 48 gold pieces
 23091 | Orc:2    | Bought a scroll of enchant weapon for 120 gold pieces
 23091 | Orc:2    | Bought a scroll of magic mapping for 56 gold pieces
 24168 | D:14     | Found a gate to the Vaults.
 24342 | D:14     | Found a shadowy altar of Dithmenos.
 24739 | D:15     | Entered Level 15 of the Dungeon
 24797 | D:15     | Paralysed by an ogre mage for 5 turns
 24819 | D:15     | Noticed Agnes
 24999 | D:15     | Killed Agnes
 25078 | D:15     | Found a staircase to the Depths.
 25103 | D:15     | Noticed Nessos
 25111 | D:15     | Noticed Kirke
 25122 | D:15     | Killed Kirke
 25142 | D:15     | Killed Nessos
 25331 | D:15     | Noticed Rupert
 25341 | D:15     | Killed Rupert
 25410 | D:15     | Reached skill level 15 in Invocations
 25442 | D:15     | Reached skill level 1 in Spellcasting
 25442 | D:15     | Reached skill level 1 in Evocations
 25964 | Swamp:1  | Entered Level 1 of the Swamp
 26024 | Swamp:1  | Reached XP level 17. HP: 99/106 MP: 28/28
 26958 | Swamp:2  | Identified the Collected Works on Damaging Moulding
 28471 | Swamp:4  | Entered Level 4 of the Swamp
 28553 | Swamp:4  | Noticed Mara
 28558 | Swamp:4  | Noticed VincentAMV's illusion
 28701 | Swamp:4  | Noticed VincentAMV's illusion
 28703 | Swamp:4  | Killed Mara
 29463 | Swamp:4  | Got a decaying rune of Zot
 29618 | Snake:1  | Entered Level 1 of the Snake Pit
 29690 | Snake:1  | Reached XP level 18. HP: 109/114 MP: 29/29
 29691 | Snake:1  | Found Tecwuzi's Book Emporium.
 29694 | Snake:1  | Found Owiuro's Assorted Antiques.
 29694 | Snake:1  | Found Annyfuf's Gadget Shoppe.
 29744 | Snake:1  | Found Dum Koed's Book Shoppe.
 29781 | Snake:1  | Bought a wand of disintegration (7) for 164 gold pieces
 29781 | Snake:1  | Bought a gilded ring for 205 gold pieces
 29789 | Snake:1  | Bought a wand of iceblast (9) for 234 gold pieces
 29792 | Snake:1  | Bought a book of Flames for 560 gold pieces
 29998 | Snake:1  | Reached skill level 5 in Dodging
 30438 | Snake:2  | You are sucked into a shaft and drop 1 floor!
 30631 | Snake:3  | Found Cintap's Gadget Boutique.
 30679 | Snake:2  | Noticed Jorgrun
 30700 | Snake:2  | Killed Jorgrun
 31160 | Snake:2  | Found Remeik's Gadget Emporium.
 31161 | Snake:2  | Found Atecwepo's Jewellery Boutique.
 31162 | Snake:2  | Found Qefiar's Gadget Emporium.
 31541 | Snake:3  | Identified the +10 war axe of Corporal Punishment {flame,
                  | rElec Dex+4} (You found it on level 3 of the Snake Pit)
 31542 | Snake:3  | Identified a scroll of acquirement
 31554 | Snake:3  | Identified the ring of Ephemeral Luck {Str+2 Slay+3} (You
                  | acquired it on level 3 of the Snake Pit)
 31554 | Snake:3  | Identified the +2 pair of gloves "Iklas" {rElec rN++ MR+}
                  | (You acquired it on level 3 of the Snake Pit)
 31711 | Snake:3  | Reached skill level 1 in Axes
 31729 | Snake:3  | Identified the amulet "Yraotidd" {Harm *Drain Int+3 Dex+3
                  | Stlth+} (You acquired it on level 3 of the Snake Pit)
 32207 | Snake:4  | Entered Level 4 of the Snake Pit
 32537 | Snake:4  | Got a crystal war axe
 32538 | Snake:4  | Identified the +5 war axe of the Hummingbird {freeze,
                  | *Contam rElec rN+ SInv} (You found it on level 4 of the
                  | Snake Pit)
 32794 | Snake:4  | Reached skill level 5 in Axes
 32851 | Snake:4  | Reached XP level 19. HP: 114/120 MP: 30/30
 33001 | Snake:4  | Got a serpentine rune of Zot
 33261 | Snake:3  | Bought a wand of digging (6) for 300 gold pieces
 33307 | Snake:2  | Bought a wand of acid (10) for 476 gold pieces
 33506 | Elf:1    | Entered Level 1 of the Elven Halls
 35023 | Elf:2    | Found a runed translucent gate.
 35023 | Elf:2    | Found a runed translucent gate.
 35023 | Elf:2    | Found a runed translucent gate.
 35625 | Elf:2    | Reached skill level 10 in Axes
 36092 | Elf:2    | Reached XP level 20. HP: 120/128 MP: 31/31
 36192 | Elf:3    | Entered Level 3 of the Elven Halls
 36221 | Elf:3    | Found Oplenaj's Armour Boutique.
 36249 | Elf:3    | Found Ihaiciame's General Store.
 36256 | Elf:3    | Bought a potion of haste for 160 gold pieces
 36256 | Elf:3    | Bought a scroll of blinking for 120 gold pieces
 36333 | Elf:3    | Found Pyaplyss's Jewellery Shoppe.
 36337 | Elf:3    | Found Itonaiz's Distillery.
 36341 | Elf:3    | Bought an uncursed ring of protection from fire for 350
                  | gold pieces
 36348 | Elf:3    | Found Pesoc's Jewellery Emporium.
 36352 | Elf:3    | Bought a potion of resistance for 170 gold pieces
 36352 | Elf:3    | Bought a potion of haste for 170 gold pieces
 36352 | Elf:3    | Bought a potion of resistance for 170 gold pieces
 37032 | Elf:3    | Identified the +7 lajatang "Onkom" {drain, Str+3 SInv}
 37082 | Elf:3    | Identified the cursed +0 halberd of the Skies Above
                  | {vorpal, rC++ Str+2 Dex+2}
 37159 | Elf:3    | Identified the cursed +0 morningstar of Annihilation
                  | {flame, *Corrode rC+ rN++ Int+2}
 37235 | Elf:3    | Found the +6 shillelagh "Devastator" {shatter}
 37239 | Elf:3    | Found the +10 Black Knight's horse barding {ponderous,
                  | rPois rN+}
 37248 | Elf:3    | Identified the Incunabulum of Malediction and Companions
 37333 | Elf:3    | Identified the Handbook of Enhancements and Snow
 37340 | Elf:3    | Identified the Disquisition on Warped Creation
 37795 | Vaults:1 | Entered Level 1 of the Vaults
 37889 | Vaults:1 | Found a ruined gateway.
 37898 | Desolati | Entered the Desolation of Salt
 38017 | Desolati | Found the +3 pair of gauntlets of War {Slay+5}
 38029 | Desolati | Got heavily runed gold dragon scales
 38030 | Desolati | Identified the cursed +0 gold dragon scales of True Grit
                  | {+Blink +Fly rPois rF+ rC+} (You found it in the Desolation
                  | of Salt)
 38566 | Desolati | Got a brightly glowing silver ring
 38568 | Desolati | Got a pitted bone ring
 38574 | Desolati | Got a pair of brightly glowing gloves
 38580 | Desolati | Identified the ring of Bonuj {rElec Str+3 Int+3} (You found
                  | it in the Desolation of Salt)
 38581 | Desolati | Identified the cursed ring of Uhuywol {rElec rPois MR-
                  | Str-4 Dex+3} (You found it in the Desolation of Salt)
 38582 | Desolati | Identified the +2 pair of gloves of the Journeyman {Int+3}
                  | (You found it in the Desolation of Salt)
 38659 | Desolati | Got a pair of ichor-stained gloves
 38660 | Desolati | Identified the -5 pair of gloves of Generosity {rElec Str-2
                  | Dex+3 Slay+3} (You found it in the Desolation of Salt)
 39558 | Vaults:1 | Reached XP level 21. HP: 125/133 MP: 33/33
 39765 | Vaults:1 | Reached skill level 15 in Fighting
 39843 | Vaults:1 | Found Boxakh's Distillery.
 39844 | Vaults:1 | Found Quippoty's Food Boutique.
 39862 | Vaults:1 | Found Wan Ytz's Antique Armour Boutique.
 39914 | Vaults:1 | Bought a potion of ambrosia for 104 gold pieces
 39914 | Vaults:1 | Bought a potion of might for 52 gold pieces
 39914 | Vaults:1 | Bought a potion of haste for 130 gold pieces
 39948 | Vaults:1 | Bought a glowing plate armour for 546 gold pieces
 40964 | Vaults:2 | You are sucked into a shaft and drop 2 floors!
 40974 | Vaults:4 | Noticed Jory
 40991 | Vaults:4 | Killed Jory
 42081 | Vaults:3 | Reached XP level 22. HP: 142/142 MP: 34/34
 43031 | Vaults:2 | Found Litwiulew's Jewellery Boutique.
 43377 | Vaults:3 | Found a staircase to the Crypt.
 43635 | Vaults:3 | Reached skill level 15 in Armour
 44946 | Vaults:4 | Learned a level 1 spell: Apportation
 44949 | Vaults:4 | Learned a level 2 spell: Blink
 44953 | Vaults:4 | Learned a level 3 spell: Lesser Beckoning
 44957 | Vaults:4 | Learned a level 3 spell: Teleport Other
 44962 | Vaults:4 | Learned a level 4 spell: Summon Ice Beast
 44968 | Vaults:4 | Learned a level 5 spell: Aura of Abjuration
 44974 | Vaults:4 | Learned a level 5 spell: Fireball
 45042 | Vaults:5 | Entered Level 5 of the Vaults
 45216 | Vaults:5 | Reached XP level 23. HP: 92/148 MP: 35/35
 45498 | Vaults:5 | Identified the cursed +0 plate armour "Lemimuw" {MP-9
                  | Dex+9}
 45929 | Vaults:5 | Found the cursed necklace of Bloodlust {*Rage +Rage MR++
                  | Int-3 Slay+6 *Curse}
 45939 | Vaults:5 | Got a silver rune of Zot
 46214 | Vaults:5 | Identified the +7 scale mail "Egyudgh" {MR++}
 46297 | Vaults:5 | Noticed a golden dragon
 46314 | Vaults:5 | Killed a golden dragon
 46955 | Vaults:5 | Identified the Tome of Shifting Clay
 47217 | Vaults:5 | Noticed a golden dragon
 47232 | Vaults:5 | Killed a golden dragon
 47232 | Vaults:5 | Reached XP level 24. HP: 140/157 MP: 35/35
 48776 | Depths:1 | Entered Level 1 of the Depths
 49162 | Depths:1 | Found an iron altar of Okawaru.
 49718 | Depths:2 | Found a one-way gate leading to the halls of Pandemonium.
 49791 | Depths:2 | Paralysed by a floating eye for 3 turns
 50346 | Depths:2 | Found a runed translucent gate.
 50346 | Depths:2 | Found Irphucael's Assorted Antiques.
 50347 | Depths:2 | Found a runed translucent gate.
 50347 | Depths:2 | Found an opulent altar of Gozag.
 50347 | Depths:2 | Found a runed translucent gate.
 50348 | Depths:2 | Noticed Nedwecyt's ghost (journeyman DsAs)
 50691 | Depths:2 | Killed Nedwecyt's ghost
 50749 | Depths:2 | Bought a scroll of enchant armour for 165 gold pieces
 50749 | Depths:2 | Bought a scroll of magic mapping for 77 gold pieces
 50749 | Depths:2 | Bought a wand of digging (5) for 176 gold pieces
 50749 | Depths:2 | Bought a scroll of enchant armour for 165 gold pieces
 50749 | Depths:2 | Bought a scroll of enchant weapon for 165 gold pieces
 50933 | Depths:3 | Found a gateway to a ziggurat.
 51014 | Depths:3 | Reached XP level 25. HP: 165/165 MP: 35/35
 51173 | Depths:3 | Noticed a juggernaut
 51195 | Depths:3 | Killed a juggernaut
 52304 | Depths:4 | Found Josk's Food Shop.
 52395 | Depths:4 | Found a flickering gateway to a bazaar.
 52422 | Bazaar   | Entered a bazaar
 52422 | Bazaar   | Found Haducw's Jewellery Boutique.
 52422 | Bazaar   | Found Weygu's Book Boutique.
 52444 | Bazaar   | Found Jidynel's Magic Scroll Shop.
 52452 | Bazaar   | Bought a scroll of blinking for 97 gold pieces
 52493 | Bazaar   | Found Vegaxti's Gadget Boutique.
 52776 | Depths:4 | Reached skill level 1 in Translocations
 52805 | Depths:4 | Reached skill level 1 in Summonings
 53234 | Depths:4 | Reached XP level 26. HP: 174/174 MP: 36/36
 53937 | Depths:4 | Reached skill level 5 in Spellcasting
 53955 | Depths:4 | Noticed a juggernaut
 53980 | Depths:4 | Killed a juggernaut
 54018 | Depths:4 | Identified the ring "Quapnum" {*Tele +Fly rF- MR+}
 54264 | Depths:4 | Found a one-way gate to the infinite horrors of the Abyss.
 54581 | Depths:4 | Found the +6 arbalest "Damnation" {damnation}
 54933 | Depths:5 | Entered Level 5 of the Depths
 55672 | Depths:5 | Found a gate to the Realm of Zot.
 55808 | Depths:5 | Reached XP level 27. HP: 176/184 MP: 36/36
 56325 | Hell     | Entered the Vestibule of Hell
 56325 | Hell     | Noticed Geryon
 56344 | Hell     | Killed Geryon
 56451 | Hell     | Found a gateway to the decaying netherworld of Tartarus.
 56490 | Hell     | Found a gateway to the ashen valley of Gehenna.
 56611 | Hell     | Found a gateway to the Iron City of Dis.
 56661 | Hell     | Found a gateway to the freezing wastes of Cocytus.
 56790 | Hell     | Identified a +9 sacred scourge of holy wrath (a +7 demon
                  | whip of draining blessed by the Shining One)
 56790 | Hell     | Received a gift from the Shining One
 57829 | Depths:4 | Reached skill level 5 in Translocations
 57869 | Zot:1    | Entered Level 1 of the Realm of Zot
 61818 | Zot:3    | Found a transporter.
 62138 | Zot:3    | Noticed an orb of fire
 62142 | Zot:3    | Found a shimmering blue altar of Sif Muna.
 62403 | Zot:3    | Noticed an ancient lich
 62945 | Zot:3    | Gained mutation: You occasionally shout uncontrollably at
                  | your foes. [an orb of fire]
 62964 | Zot:3    | Gained mutation: You possess an exceptional clarity of
                  | mind. [an orb of fire]
 62967 | Zot:3    | The Shining One protects you from harm!
 62969 | Zot:3    | Killed an orb of fire
 63045 | Zot:3    | Killed an ancient lich
 63548 | Zot:3    | Found a transporter.
 64687 | Zot:5    | Entered Level 5 of the Realm of Zot
 65141 | Zot:5    | Noticed an orb of fire
 65303 | Zot:5    | Noticed an ancient lich
 65316 | Zot:5    | Killed an ancient lich
 65392 | Zot:5    | Noticed an ancient lich
 65398 | Zot:5    | Noticed an orb of fire
 65410 | Zot:5    | Killed an ancient lich
 65412 | Zot:5    | Gained mutation: You are clumsy. (Dex -2) [an orb of fire]
 65425 | Zot:5    | Gained mutation: Your body sometimes deteriorates upon
                  | taking damage. [an orb of fire]
 65429 | Zot:5    | Killed an orb of fire
 65794 | Zot:5    | Noticed an orb of fire
 65803 | Zot:5    | Gained mutation: You are frail. (-10% HP) [an orb of fire]
 65804 | Zot:5    | Noticed an ancient lich
 65806 | Zot:5    | Noticed an orb of fire
 65812 | Zot:5    | Noticed a juggernaut
 65812 | Zot:5    | a Killer Klown changed into a juggernaut
 65814 | Zot:5    | Gained mutation: You are very frail. (-20% HP) [an orb of
                  | fire]
 65820 | Zot:5    | Killed an orb of fire
 65824 | Zot:5    | Killed a juggernaut
 65841 | Zot:5    | Gained mutation: Your body often deteriorates upon taking
                  | damage. [an orb of fire]
 65842 | Zot:5    | Gained mutation: You are very clumsy. (Dex -4) [an orb of
                  | fire]
 65844 | Zot:5    | Gained mutation: Potions are less effective at restoring
                  | your health. [an orb of fire]
 65846 | Zot:5    | Lost mutation: You possess an exceptional clarity of mind.
                  | [an orb of fire]
 66099 | Zot:4    | Lost mutation: You are very clumsy. (Dex -4) [potion of
                  | mutation]
 66099 | Zot:4    | Lost mutation: Potions are less effective at restoring your
                  | health. [potion of mutation]
 66099 | Zot:4    | Gained mutation: Your natural rate of healing is unusually
                  | fast. [potion of mutation]
 66099 | Zot:4    | Gained mutation: You can translocate small distances at
                  | will. [potion of mutation]
 66135 | Zot:4    | Gained mutation: Your magical capacity is low. (-10% MP)
                  | [an orb of fire]
 66143 | Zot:4    | Gained mutation: You are occasionally teleported next to
                  | monsters. [an orb of fire]
 66146 | Zot:4    | Gained mutation: Your spells are a little easier to cast,
                  | but a little less powerful. [an orb of fire]
 66148 | Zot:4    | Gained mutation: You sometimes yell uncontrollably at your
                  | foes. [an orb of fire]
 66163 | Zot:4    | Killed an orb of fire
 66167 | Zot:4    | Lost mutation: Your magical capacity is low. (-10% MP)
                  | [potion of mutation]
 66167 | Zot:4    | Lost mutation: You sometimes yell uncontrollably at your
                  | foes. [potion of mutation]
 66167 | Zot:4    | Lost mutation: You are very frail. (-20% HP) [potion of
                  | mutation]
 66167 | Zot:4    | Gained mutation: You are resistant to hostile enchantments.
                  | (MR+) [potion of mutation]
 66168 | Zot:4    | Lost mutation: Your body often deteriorates upon taking
                  | damage. [potion of mutation]
 66168 | Zot:4    | Lost mutation: Your body sometimes deteriorates upon taking
                  | damage. [potion of mutation]
 66168 | Zot:4    | Lost mutation: You are frail. (-10% HP) [potion of
                  | mutation]
 66168 | Zot:4    | Gained mutation: You are partially covered in yellow
                  | scales. (AC +2) [potion of mutation]
 66279 | Zot:5    | Killed an ancient lich
 66286 | Zot:5    | Reached skill level 27 in Fighting
 67219 | Depths:5 | Lost mutation: Your natural rate of healing is unusually
                  | fast. [potion of mutation]
 67219 | Depths:5 | Lost mutation: You are resistant to hostile enchantments.
                  | (MR+) [potion of mutation]
 67219 | Depths:5 | Lost mutation: You can translocate small distances at will.
                  | [potion of mutation]
 67219 | Depths:5 | Lost mutation: You are clumsy. (Dex -2) [potion of
                  | mutation]
 67219 | Depths:5 | Gained mutation: You are resistant to hostile enchantments.
                  | (MR+) [potion of mutation]
 67219 | Depths:5 | Gained mutation: You are robust. (+10% HP) [potion of
                  | mutation]
 67219 | Depths:5 | Gained mutation: You have a pair of small horns on your
                  | head. [potion of mutation]
 67322 | Depths:2 | Bought a potion of mutation for 176 gold pieces
 67323 | Depths:2 | Lost mutation: You are resistant to hostile enchantments.
                  | (MR+) [potion of mutation]
 67323 | Depths:2 | Lost mutation: You have a pair of small horns on your head.
                  | [potion of mutation]
 67323 | Depths:2 | Gained mutation: Your mind is acute. (Int +2) [potion of
                  | mutation]
 67323 | Depths:2 | Gained mutation: You are very robust. (+20% HP) [potion of
                  | mutation]
 67452 | Depths:4 | Voluntarily entered the Abyss.
 67481 | Abyss:2  | Found a sparkling altar of Nemelex Xobeh.
 67724 | Abyss:4  | Gained mutation: Potions are less effective at restoring
                  | your health. [a neqoxec]
 67760 | Abyss:4  | Found a bloodstained altar of Trog.
 67831 | Abyss:4  | Paralysed by accursed screaming for 1 turns
 67954 | Abyss:5  | Entered Level 5 of the Abyss
 68125 | Abyss:5  | Found a shimmering altar of Xom.
 68261 | Abyss:5  | Gained mutation: You sometimes yell uncontrollably at your
                  | foes. [a neqoxec]
 68402 | Abyss:5  | Lost mutation: You are very robust. (+20% HP) [a neqoxec]
 68493 | Abyss:5  | Got an abyssal rune of Zot
 68512 | Depths:4 | Escaped the Abyss
 69189 | Crypt:1  | Entered Level 1 of the Crypt
 69227 | Crypt:1  | Found a magical portal.
 69724 | WizLab   | Identified the ring "Baetegug" {+Fly rPois Int+2}
 69860 | WizLab   | Identified the Disquisition on Flight
 69863 | WizLab   | Got a transparent pewter ring
 69875 | WizLab   | Identified the ring of Fatocauth {+Fly Int-4 Dex+8 SInv}
                  | (You found it in a wizard's laboratory)
 70179 | Crypt:1  | Found a basalt altar of Yredelemnul.
 71287 | Crypt:3  | Entered Level 3 of the Crypt
 71401 | Crypt:3  | Noticed Saint Roka
 71452 | Crypt:3  | Killed Saint Roka
 71569 | Crypt:3  | Found a staircase to the Tomb.
 72155 | Crypt:3  | Identified the cursed +3 long sword of Patience {flame,
                  | +Blink rC- MR+}
 72155 | Crypt:3  | Noticed Boris
 72169 | Crypt:3  | Killed Boris
 72178 | Crypt:3  | Found a basalt altar of Yredelemnul.
 72181 | Crypt:3  | Found an ancient bone altar of Kikubaaqudgha.
 72191 | Crypt:3  | Identified the Collected Works on Captivating Sinister Arts
 72223 | Crypt:3  | Got a coiled granite ring
 72230 | Crypt:3  | Identified the ring "Keiwn" {*Corrode rF+ rC+++ rN+} (You
                  | found it on level 3 of the Crypt)
 72235 | Crypt:3  | Got a steaming iron ring
 72238 | Crypt:3  | Identified the ring of Summertime {rC++ rN+ Str-4 Dex+2
                  | SInv} (You found it on level 3 of the Crypt)
 72354 | Crypt:3  | Identified the +0 pair of boots "Eveosh" {Int+2} (You
                  | acquired it on level 3 of the Crypt)
 72356 | Crypt:3  | Identified the +6 crystal plate armour of the Eternal Void
                  | {rPois rC++ Regen+} (You acquired it on level 3 of the
                  | Crypt)
 72357 | Crypt:3  | Identified the ring of Suyheggu {rPois rC+ Dex+4 Slay+3}
                  | (You acquired it on level 3 of the Crypt)
 73006 | Tomb:1   | Entered Level 1 of the Tomb of the Ancients
 73025 | Tomb:1   | Noticed a greater mummy
 73025 | Tomb:1   | Noticed a greater mummy
 73026 | Tomb:1   | Noticed a greater mummy
 73033 | Tomb:1   | Killed a greater mummy
 73035 | Tomb:1   | Noticed a greater mummy
 73042 | Tomb:1   | Killed a greater mummy
 73045 | Tomb:1   | Killed a greater mummy
 73054 | Tomb:1   | Killed a greater mummy
 73054 | Tomb:1   | Reached skill level 27 in Invocations
 73055 | Tomb:1   | Noticed a greater mummy
 73066 | Tomb:1   | Killed a greater mummy
 73141 | Tomb:1   | Noticed a greater mummy
 73143 | Tomb:1   | Noticed a greater mummy
 73147 | Tomb:1   | Killed a greater mummy
 73151 | Tomb:1   | Killed a greater mummy
 73151 | Tomb:1   | Reached skill level 10 in Dodging
 73152 | Tomb:1   | Noticed a greater mummy
 73152 | Tomb:1   | Noticed a greater mummy
 73163 | Tomb:1   | Killed a greater mummy
 73163 | Tomb:1   | Reached skill level 1 in Conjurations
 73163 | Tomb:1   | Reached skill level 1 in Fire Magic
 73163 | Tomb:1   | Reached skill level 1 in Ice Magic
 73165 | Tomb:1   | Noticed a greater mummy
 73170 | Tomb:1   | Killed a greater mummy
 73176 | Tomb:1   | Killed a greater mummy
 73182 | Tomb:1   | Noticed a greater mummy
 73192 | Tomb:1   | Killed a greater mummy
 73203 | Tomb:1   | Noticed a greater mummy
 73212 | Tomb:1   | Killed a greater mummy
 73214 | Tomb:1   | Noticed a greater mummy
 73223 | Tomb:1   | Killed a greater mummy
 73225 | Tomb:1   | Noticed a greater mummy
 73232 | Tomb:1   | Killed a greater mummy
 73238 | Tomb:1   | Noticed a greater mummy
 73239 | Tomb:1   | Noticed a greater mummy
 73246 | Tomb:1   | Killed a greater mummy
 73250 | Tomb:1   | Killed a greater mummy
 73254 | Tomb:1   | Noticed a greater mummy
 73265 | Tomb:1   | Killed a greater mummy
 73285 | Tomb:1   | Noticed a greater mummy
 73290 | Tomb:1   | Killed a greater mummy
 73436 | Tomb:1   | Noticed a greater mummy
 73443 | Tomb:1   | Killed a greater mummy
 73443 | Tomb:1   | Reached skill level 5 in Conjurations
 73879 | Tomb:1   | Reached skill level 5 in Fire Magic
 73903 | Tomb:1   | Reached skill level 5 in Ice Magic
 73907 | Tomb:1   | Noticed a greater mummy
 73921 | Tomb:1   | Killed a greater mummy
 74225 | Tomb:1   | Noticed a greater mummy
 74225 | Tomb:1   | Noticed a greater mummy
 74225 | Tomb:1   | Noticed a greater mummy
 74227 | Tomb:1   | Noticed a greater mummy
 74235 | Tomb:1   | Killed a greater mummy
 74235 | Tomb:1   | Killed a greater mummy
 74244 | Tomb:1   | Killed a greater mummy
 74246 | Tomb:1   | Killed a greater mummy
 74253 | Tomb:1   | Noticed a greater mummy
 74264 | Tomb:1   | Killed a greater mummy
 74264 | Tomb:1   | Reached skill level 10 in Spellcasting
 74269 | Tomb:1   | Noticed a greater mummy
 74277 | Tomb:1   | Killed a greater mummy
 74303 | Tomb:2   | Noticed Sojobo
 74304 | Tomb:2   | Noticed a greater mummy
 74304 | Tomb:2   | Noticed a greater mummy
 74315 | Tomb:2   | Killed a greater mummy
 74321 | Tomb:2   | Noticed Frederick
 74325 | Tomb:2   | Noticed a greater mummy
 74334 | Tomb:2   | Killed Sojobo
 74334 | Tomb:2   | Noticed a greater mummy
 74337 | Tomb:2   | Killed Frederick
 74338 | Tomb:2   | Killed a greater mummy
 74342 | Tomb:2   | Killed a greater mummy
 74348 | Tomb:2   | Killed a greater mummy
 74693 | Tomb:1   | Noticed a greater mummy
 74706 | Tomb:1   | Killed a greater mummy
 74746 | Tomb:1   | Noticed a greater mummy
 74761 | Tomb:1   | Killed a greater mummy
 74761 | Tomb:1   | Reached skill level 10 in Translocations
 75009 | Tomb:3   | Entered Level 3 of the Tomb of the Ancients
 75018 | Tomb:3   | Noticed an ancient lich
 75019 | Tomb:3   | Noticed a greater mummy
 75027 | Tomb:3   | Noticed a greater mummy
 75037 | Tomb:3   | Killed a greater mummy
 75043 | Tomb:3   | Noticed an ancient lich
 75058 | Tomb:3   | Noticed a greater mummy
 75060 | Tomb:3   | Noticed a greater mummy
 75063 | Tomb:3   | Noticed Khufu
 75070 | Tomb:3   | Killed an ancient lich
 75071 | Tomb:3   | Noticed a greater mummy
 75075 | Tomb:3   | Killed a greater mummy
 75077 | Tomb:3   | Killed a greater mummy
 75082 | Tomb:3   | Killed Khufu
 75082 | Tomb:3   | Noticed a greater mummy
 75084 | Tomb:3   | Killed a greater mummy
 75087 | Tomb:3   | Killed a greater mummy
 75088 | Tomb:3   | Noticed a greater mummy
 75097 | Tomb:3   | Killed a greater mummy
 75097 | Tomb:3   | Reached skill level 5 in Evocations
 75098 | Tomb:3   | Reached skill level 5 in Summonings
 75114 | Tomb:3   | Killed a greater mummy
 75136 | Tomb:3   | Noticed a greater mummy
 75137 | Tomb:3   | Killed an ancient lich
 75161 | Tomb:3   | Noticed a greater mummy
 75162 | Tomb:3   | Killed a greater mummy
 75178 | Tomb:3   | Killed a greater mummy
 75209 | Tomb:3   | Cast into level 5 of the Abyss (the power of Zot)
 75209 | Abyss:5  | Entered Level 5 of the Abyss
 75214 | Tomb:3   | Escaped the Abyss
 75298 | Tomb:3   | Found the +5 robe of Night {Dark MR+ SInv}
 75301 | Tomb:3   | Found the -2 hat of the Alchemist {rElec rPois rF+ rC+ rN+
                  | MR+ rMut rCorr}
 75577 | Tomb:3   | Got a heavily runed glass ring
 75668 | Tomb:3   | Got a golden rune of Zot
 75718 | Tomb:3   | Got a twisted halberd
 75772 | Tomb:3   | Identified the ring of Peukhlul {rCorr Str+7} (You found it
                  | on level 3 of the Tomb of the Ancients)
 75773 | Tomb:3   | Identified the +0 halberd of Fuanigaf {speed, rElec rC++
                  | Int+3} (You found it on level 3 of the Tomb of the
                  | Ancients)
 76600 | Slime:1  | Entered Level 1 of the Pits of Slime
 76608 | Slime:2  | Noticed Dissolution
 76680 | Slime:3  | Gained mutation: Scrolls take you a little longer to read.
                  | [a shining eye]
 77066 | Slime:4  | Paralysed by a floating eye for 3 turns
 77071 | Slime:5  | Entered Level 5 of the Pits of Slime
 77232 | Slime:5  | Noticed the Royal Jelly
 77243 | Slime:5  | Killed the Royal Jelly
 77289 | Slime:5  | Found the +8 demon trident "Rift" {distort, reach+}
 77290 | Slime:5  | Paralysed by a floating eye for 2 turns
 77294 | Slime:5  | Reached skill level 10 in Conjurations
 77306 | Slime:5  | Got a slimy rune of Zot
 77610 | Slime:4  | Paralysed by a floating eye for 3 turns
 77620 | Slime:4  | Paralysed by a floating eye for 3 turns
 77629 | Slime:4  | Paralysed by a floating eye for 3 turns
 77704 | Lair:6   | Identified a +2 pair of boots of running (You acquired it
                  | on level 6 of the Lair of Beasts)
 77838 | Tar:1    | Entered Level 1 of Tartarus
 77896 | Tar:3    | You are sucked into a shaft and drop 3 floors!
 77899 | Tar:7    | Entered Level 7 of Tartarus
 78101 | Tar:7    | Reached skill level 10 in Ice Magic
 78422 | Tar:7    | Noticed an ancient lich
 78430 | Tar:7    | Noticed an ancient lich
 78436 | Tar:7    | Killed an ancient lich
 78440 | Tar:7    | Killed an ancient lich
 78440 | Tar:7    | Reached skill level 10 in Summonings
 78723 | Tar:7    | Got an ancient helmet
 78726 | Tar:7    | Identified the +2 helmet "Acoej" {Stlth+} (You found it on
                  | level 7 of Tartarus)
 78788 | Tar:7    | Noticed Ereshkigal
 79013 | Tar:7    | Killed Ereshkigal
 79186 | Tar:7    | Gained mutation: You are partially covered in slimy green
                  | scales. (AC +2) [mutagenic glow]
 79220 | Tar:7    | Got a bone rune of Zot
 79229 | Tar:7    | Reached skill level 15 in Ice Magic
 79446 | Coc:1    | Entered Level 1 of Cocytus
 79827 | Coc:2    | Gained mutation: You do not regenerate when monsters are
                  | visible. [mutagenic glow]
 79880 | Coc:2    | You are sucked into a shaft and drop 1 floor!
 79891 | Coc:3    | Lost mutation: Your mind is acute. (Int +2) [mutagenic
                  | glow]
 80151 | Coc:5    | Noticed an ancient lich
 80160 | Coc:5    | Killed an ancient lich
 80305 | Coc:7    | Entered Level 7 of Cocytus
 80989 | Coc:7    | Noticed the Serpent of Hell
 81015 | Coc:7    | Killed the Serpent of Hell
 81271 | Coc:7    | Identified the +7 scimitar "Xomety" {vamp, Str+4}
 81271 | Coc:7    | Noticed Antaeus
 81704 | Coc:7    | Killed Antaeus
 81717 | Coc:7    | Identified the Papyrus of Companions and Feathers
 81722 | Coc:7    | Got an icy rune of Zot
 81941 | Hell     | Learned a level 2 spell: Passwall
 81947 | Hell     | Learned a level 5 spell: Lee's Rapid Deconstruction
 81953 | Hell     | Learned a level 5 spell: Silence
 81963 | Hell     | Learned a level 9 spell: Dragon's Call
 81982 | Geh:1    | Entered Level 1 of Gehenna
 82064 | Geh:1    | Reached skill level 1 in Earth Magic
 82091 | Geh:1    | Reached skill level 1 in Transmutations
 82490 | Geh:3    | Found a stormy altar of Qazlal.
 82659 | Geh:4    | You are sucked into a shaft and drop 2 floors!
 82807 | Geh:6    | Reached skill level 5 in Earth Magic
 82850 | Geh:7    | Entered Level 7 of Gehenna
 83836 | Geh:7    | Reached skill level 5 in Transmutations
 83847 | Geh:7    | Identified the +7 sceptre of Asmodeus
 83847 | Geh:7    | Noticed Asmodeus
 83887 | Geh:7    | Killed Asmodeus
 84234 | Dis:1    | Entered Level 1 of the Iron City of Dis
 84526 | Dis:7    | Entered Level 7 of the Iron City of Dis
 84823 | Dis:7    | Identified the +4 staff of Dispater
 84823 | Dis:7    | Noticed Dispater
 84851 | Dis:7    | Killed Dispater
 84866 | Dis:7    | Got a bound ruby amulet
 84868 | Dis:7    | Got a heavily runed wooden ring
 84871 | Dis:7    | Got an iron rune of Zot
 85044 | Dis:7    | Reached skill level 10 in Earth Magic
 85159 | Dis:7    | Reached skill level 10 in Evocations
 85582 | Hell     | Lost mutation: You sometimes yell uncontrollably at your
                  | foes. [potion of mutation]
 85582 | Hell     | Lost mutation: You are robust. (+10% HP) [potion of
                  | mutation]
 85582 | Hell     | Gained mutation: You expend magic power (3 MP) to
                  | strengthen your wands. [potion of mutation]
 85590 | Hell     | Identified the ring "Natal" {+Fly rCorr Dex+5} (You found
                  | it on level 7 of the Iron City of Dis)
 85592 | Hell     | Identified the amulet "Hosaoj" {+Rage Int+3} (You found it
                  | on level 7 of the Iron City of Dis)
 86023 | Geh:7    | Got an obsidian rune of Zot
 86862 | Pan      | Entered Pandemonium
 86901 | Pan      | Found an exit through the horrors of the Abyss.
 87491 | Pan      | Noticed Osimadda the pandemonium lord
 87544 | Pan      | Killed Osimadda the pandemonium lord
 87677 | Pan      | Noticed Tonwamum the pandemonium lord
 87694 | Pan      | Killed Tonwamum the pandemonium lord
 88238 | Pan      | Entered the realm of Mnoleg.
 88352 | Pan      | Gained mutation: Potions are poor at restoring your health.
                  | [a neqoxec]
 88363 | Pan      | Noticed Mnoleg
 88376 | Pan      | Gained mutation: You are dopey. (Int -2) [a neqoxec]
 88397 | Pan      | Lost mutation: You are dopey. (Int -2) [a cacodemon]
 88430 | Pan      | Killed Mnoleg
 88473 | Pan      | Got a glowing rune of Zot
 88547 | Pan      | Found an exit through the horrors of the Abyss.
 88901 | Pan      | Reached skill level 10 in Transmutations
 88962 | Pan      | Reached skill level 1 in Hexes
 88965 | Pan      | Reached skill level 1 in Air Magic
 89021 | Pan      | Found an exit through the horrors of the Abyss.
 89233 | Pan      | Noticed Mennas
 89299 | Pan      | Killed Mennas
 89357 | Pan      | Noticed Vushryav the pandemonium lord
 89384 | Pan      | Killed Vushryav the pandemonium lord
 89455 | Pan      | Lost mutation: Scrolls take you a little longer to read.
                  | [potion of mutation]
 89455 | Pan      | Lost mutation: Your spells are a little easier to cast, but
                  | a little less powerful. [potion of mutation]
 89455 | Pan      | Gained mutation: You have supernaturally acute eyesight.
                  | (SInv) [potion of mutation]
 89455 | Pan      | Gained mutation: You are sometimes teleported next to
                  | monsters. [potion of mutation]
 89455 | Pan      | Gained mutation: You passively map a small area around you.
                  | [potion of mutation]
 89456 | Pan      | Lost mutation: You have supernaturally acute eyesight.
                  | (SInv) [potion of mutation]
 89456 | Pan      | Lost mutation: You are sometimes teleported next to
                  | monsters. [potion of mutation]
 89456 | Pan      | Lost mutation: You expend magic power (3 MP) to strengthen
                  | your wands. [potion of mutation]
 89456 | Pan      | Gained mutation: You passively map the area around you.
                  | [potion of mutation]
 89456 | Pan      | Gained mutation: Your flesh is heat resistant. (rF+)
                  | [potion of mutation]
 89456 | Pan      | Lost mutation: Your flesh is heat resistant. (rF+) [potion
                  | of mutation]
 89456 | Pan      | Gained mutation: You expend magic power (3 MP) to
                  | strengthen your wands. [potion of mutation]
 90083 | Pan      | Found a white marble altar of Elyvilon.
 90259 | Pan      | Reached skill level 5 in Hexes
 90414 | Pan      | Found a glowing golden altar of the Shining One.
 90497 | Pan      | Reached skill level 5 in Air Magic
 90534 | Pan      | Noticed a seraph
 90594 | Pan      | Killed a seraph
 90594 | Pan      | Reached skill level 15 in Spellcasting
 90638 | Pan      | Got a demonic rune of Zot
 90643 | Pan      | Identified the Handbook of Supportive Earth
 92551 | Pan      | Found an exit through the horrors of the Abyss.
 92673 | Pan      | Noticed Emarrug the pandemonium lord
 92682 | Pan      | Killed Emarrug the pandemonium lord
 92966 | Pan      | Identified the +1 plate armour of the Grue {rF- Dex+5}
 93636 | Pan      | Noticed Ubusaame the pandemonium lord
 93645 | Pan      | Killed Ubusaame the pandemonium lord
 93743 | Pan      | Identified the cursed ring "Ciup" {rElec rF- rC+ EV-3}
 94410 | Pan      | Entered the realm of Lom Lobon.
 94567 | Pan      | Reached skill level 15 in Dodging
 94734 | Pan      | Noticed Lom Lobon
 94762 | Pan      | Killed Lom Lobon
 94875 | Pan      | Got a magical rune of Zot
 94972 | Pan      | Entered the realm of Gloorx Vloq.
 95127 | Pan      | Found an exit through the horrors of the Abyss.
 95362 | Pan      | Noticed Gloorx Vloq
 95813 | Pan      | Killed Gloorx Vloq
 95860 | Pan      | Got a dark rune of Zot
 96080 | Pan      | Noticed Zyras the pandemonium lord
 96112 | Pan      | Killed Zyras the pandemonium lord
 96353 | Pan      | Entered the realm of Cerebov.
 96538 | Pan      | Found an exit through the horrors of the Abyss.
 96758 | Pan      | Lost mutation: You passively map the area around you.
                  | [potion of mutation]
 96758 | Pan      | Lost mutation: Potions are poor at restoring your health.
                  | [potion of mutation]
 96758 | Pan      | Lost mutation: You occasionally shout uncontrollably at
                  | your foes. [potion of mutation]
 96758 | Pan      | Gained mutation: You are surrounded by a mild repulsion
                  | field. (EV +2) [potion of mutation]
 96986 | Pan      | Identified Orphuxev's Volume of Evolution
 96988 | Pan      | Identified the Incunabulum of Mutagenic Boosts
 97183 | Pan      | Identified the Catalogue of Air and Necromancy
 97190 | Pan      | Got a flickering lead ring
 97191 | Pan      | Identified the ring of Vodka {rF++ Str-2 Int+4 Dex+2} (You
                  | found it in Pandemonium)
 97417 | Pan      | Identified the +6 sword of Cerebov {flame}
 97417 | Pan      | Noticed Cerebov
 97668 | Pan      | Identified the +8 plate armour of Elyvilon's Supremacy
                  | {MR++}
 97834 | Pan      | Killed Cerebov
 97890 | Pan      | Got a fiery rune of Zot
 98050 | Pan      | Found an exit through the horrors of the Abyss.
 98108 | Depths:3 | Escaped Pandemonium
 98391 | Zot:5    | Got the Orb of Zot
 98462 | Zot:3    | Noticed Osott the pandemonium lord
 98493 | Zot:3    | Identified the +1 buckler of Kihoqu {rF+ Stlth+}
 98829 | D:10     | Noticed Jaittek the pandemonium lord
 98837 | D:10     | Killed Jaittek the pandemonium lord
 99081 | D:$      | Escaped with the Orb!

Levels and vault maps discovered:
D:1:      moated_graveyard_arrival, layout_basic
D:2:      layout_basic, first_ration, palyth_stone_intersect,
          minmay_misc_feat_doors, minmay_tiny_reverse_x, uniq_natasha
D:3:      layout_loops_ring, grunt_temple_overflow_holy_war
D:4:      layout_rooms, minmay_temple_entry_offerings, serial_shops,
          nicolae_shop_crystal, enter_ossuary_5, minivault_1,
          dk_rats_in_the_wall, uniq_grinder, uniq_edmund, uniq_sigmund
D:5:      layout_loops_ring, gammafunk_temple_overflow_claw,
          serial_bayou_pond_a, minmay_misc_feat_nine_boxes, fountainhead,
          uniq_duvessa, uniq_eustachio, uniq_menkaure
D:6:      layout_loops_cross
D:7:      layout_basic, kennysheep_pointless_box, kennysheep_generic_room_10,
          uniq_maggie
D:8:      layout_cave_pools, chequers_temple_overflow_statue_of_worship,
          vehumet_crystals, dpeg_lair_monsters, serial_glass, glass_columns_a,
          glass_columns_a, glass_columns_c
D:9:      layout_stronghold
D:10:     layout_long_grid, uniq_nergalle
D:11:     layout_rooms, zombieorc2_lemuel, serial_shops, shop,
          minmay_shop_mayhem
D:12:     layout_loops_ring, grunt_livestock, nrook_loot_triangle
D:13:     layout_basic, hangedman_decor_opposing, minmay_bent
D:14:     layout_big_octagon, lightli_vaults_fourway_checkpoint,
          chequers_big_river, nicolae_dithmenos_through_a_glass_darkly
D:15:     grunt_enter_depths_giant_problem, layout_long_grid,
          serial_bayou_lagoon_a, uniq_kirke, uniq_nessos, uniq_rupert,
          uniq_agnes
Temple:   eino_temple_lava
Lair:1:   layout_long_grid, lemuel_fruit_tree
Lair:2:   layout_gridlike, minivault_19, uniq_sonja
Lair:3:   statuecave_lemuel, layout_gridlike, dummy_snake_entry,
          portal_ice_cave_entry_imps, uniq_fannar
Lair:4:   layout_gridlike, swamp_mist_pool, small_statue_intersection,
          ice2_lemuel
Lair:5:   layout_loops_ring
Lair:6:   evil_forest, layout_hall_layers, slime_dummy, gauntlet_entry_generic,
          minmay_lindwurm_lava
Swamp:1:  layout_falls_marsh, serial_swamp_ruin, evilmike_swamp_ruin_house_1,
          evilmike_swamp_ruin_house_5
Swamp:2:  layout_falls_marsh, evilmike_swamp_ruin_house_4
Swamp:3:  layout_basic_swamp, nicolae_swamp_very_dense_foliage, swamp_pool4
Swamp:4:  swamp_icy, layout_basic_swamp, swamp_pool1, uniq_mara
Snake:1:  layout_onion_interference, minmay_shoptagon
Snake:2:  layout_honeycomb, minmay_shop_grove, uniq_jorgrun
Snake:3:  layout_cave_town, serial_shops, nicolae_shop_statue_plus
Snake:4:  snake_pit, layout_rooms
Slime:1:  layout_caves
Slime:2:  layout_caves, uniq_dissolution
Slime:3:  cheibrodos_slime_lost_civilization_2, layout_caves,
          nicolae_slime_barrier
Slime:4:  layout_caves, cheibrodos_slime_lost_civilization_5
Slime:5
Orc:1:    layout_caves, minmay_shop_mass, uniq_snorg
Orc:2:    st_orc_rangers, layout_diamond_mine
Elf:1:    elf_arrival_001, layout_gridlike, minivault_28, drop_trap,
          st_stairs_5, nooodl_food_tri, grunt_megastairs_5
Elf:2:    layout_loops_cross
Elf:3:    minmay_elf_hall_dome, layout_geoelf_octagon, serial_shops,
          shop_fountains, nicolae_shop_stone, shop, shop, nicolae_shop_crystal
Vaults:1: vaults_dpeg_spiral, hangedman_vaults_hard_town_square, v_misc_28,
          vaults_standard_mumra_x, ontoclasm_vaults_decontamination,
          layout_vaults_omnigrid, portal_desolation_entry_ruin
Vaults:2: v_misc_17, nicolae_vaults_c_with_doors, v_alt_pattern_6,
          grunt_vaults_hallway_short, vaults_mumra_minichess,
          hangedman_vaults_capsules, v_rooms_5, ontoclasm_vaults_spin,
          v_misc_23, grunt_vaults_bifocal, vaults_dpeg_cross,
          nicolae_vaults_yaktaur_gun_rack, nicolae_vaults_theta,
          layout_vaults_ring, serial_shops, shop, serial_glass
Vaults:3: v_pattern_3, v_misc_11, nicolae_vaults_network_barrier,
          vaults_dpeg_encased_lava, nicolae_vaults_three_branches,
          vaults_room_pools, st_star, vaults_dpeg_diagonal,
          ontoclasm_vaults_chip, vaults_room_corners, layout_vaults_omnibox
Vaults:4: hangedman_vaults_stitches, hangedman_vaults_impose,
          nicolae_vaults_big_angled_halls, dpeg_vaults_waves,
          nicolae_vaults_network_quinsquares
          [nicolae_vaults_network_quincunx_subvault,
          nicolae_vaults_network_quincunx_subvault,
          nicolae_vaults_network_quincunx_subvault,
          nicolae_vaults_network_quincunx_subvault], v_rooms_5,
          ontoclasm_vaults_tryst, hangedman_vaults_river_flow,
          vaults_room_door_ring, nicolae_vaults_asterisk, ontoclasm_vaults_chip,
          ontoclasm_vaults_gateway, layout_vaults_big_cross, uniq_jory
Vaults:5
Crypt:1:  layout_chaotic_city, infiniplex_enter_wizlab_water, basic_altar,
          minmay_misc_feat_cross, minivault_26, minivault_26, uniq_margery
Crypt:2:  layout_gridlike
Crypt:3:  lightli_unholy_cathedral, layout_chaotic_city,
          nicolae_tomb_entry_grand_gallery, serial_sigils_hangedman_carve,
          lemuel_nasty_fountain, uniq_boris, uniq_saint_roka
Tomb:1
Tomb:2:   uniq_sojobo, uniq_frederick
Tomb:3:   uniq_khufu
Depths:1: layout_cave_pools, okawaru_ov_weapons_minmay, hell_entry,
          minivault_16, drop_trap, minmay_misc_feat_secret_circle,
          due_unseen_surprise, grunt_megastairs_4, serial_bayou_shore_a
Depths:2: kennysheep_cluttered_fort, layout_cave_pools, hell_entry,
          ebering_ghost_gozag, pan_entry, nicolae_lava_and_water,
          kennysheep_cross_bottleneck, minmay_misc_feat_ornament,
          item_on_display_a
Depths:3: grunt_runaround [grunt_runaround_doors_1, grunt_runaround_doors_2,
          grunt_runaround_doors_3, grunt_runaround_doors_4,
          grunt_runaround_loot], hell_entry, serial_shops, pan_entry
Depths:4: hangedman_box_tower, layout_basic, minmay_crystal_room, hell_entry,
          serial_shops, bzr_entry_dummy, shop, abyss_entry,
          infiniplex_staircase_pool_2
Depths:5: grunt_zot_entry_alcove, layout_cave_pools, abyss_entry,
          roderic_lattice_a, grunt_hell_entry_dis_mu, serial_bayou_shore_b,
          serial_bayou_shore_b
Hell
Dis:1:    layout_overlapping_boxes
Dis:2:    layout_subdivisions
Dis:3:    layout_chaotic_city, nicolae_dis_strange_trophy_room,
          hangedman_dis_decor_tower
Dis:4:    layout_regular_city, grunt_megastairs_2
Dis:5:    layout_jigsaw
Dis:6:    layout_gridville
Dis:7:    dis_grunt_layers
Geh:1:    layout_gehenna_lava_caves, lemuel_hellion_isle
Geh:2:    layout_gehenna_lava_caves, lemuel_flamethrower_3
Geh:3:    minmay_firetagon, layout_gehenna_lava_caves, hangedman_feature_mirror
Geh:4:    layout_gehenna_pools_triple
Geh:5:    layout_gehenna_pools_basic
Geh:6:    layout_gehenna_lava_caves
Geh:7:    evilmike_geh
Coc:1:    grunt_deathspiral_small, layout_ice_bergs
Coc:2:    layout_cocytus_water_paths
Coc:3:    layout_cocytus_water_paths
Coc:4:    layout_ice_bergs
Coc:5:    layout_cocytus_water_paths
Coc:6:    layout_ice_bergs
Coc:7:    coc_grunt_cove [coc_grunt_cove_antaeus, coc_grunt_cove_fiend,
          coc_grunt_cove_fiend, coc_grunt_cove_fiend, coc_grunt_cove_fiend]
Tar:1:    layout_catacombs
Tar:2:    layout_grid_maze, evilmike_ambush [evilmike_ambush_outer_basic,
          evilmike_ambush_inner_wall_1], grunt_megastairs_1
Tar:3:    layout_cathedral_of_symmetry
Tar:6:    layout_grid_maze
Tar:7:    tar_grunt_cathedral
Zot:1:    layout_basic
Zot:2:    layout_misc_corridors, grunt_ministairs_12
Zot:3:    gammafunk_sealed_library, layout_cathedral_of_symmetry, st_stairs_11,
          zot_minivault_4, grunt_megastairs_3
Zot:4:    layout_cathedral_of_symmetry, grunt_ministairs_15
Zot:5:    layout_concentric_octagons, nrook_zot_tub

Skill      XL: |  1  2  3  4  5  6  7  8  9 10 11 12 13 14 15 16 17 18 19 20 21 22 23 24 25 26 27 |
---------------+----------------------------------------------------------------------------------+-----
Fighting       | 4 5 8 12 13 14 16 17 19 20 22 27 | 27.0
Maces & Flails | 4 5 6 8 10 12 14 15 16 | 16.0
Invocations    | 2 3 4 5 6 8 9 11 15 16 17 19 27 | 27.0
Shields        | 5 9 12 15 16 17 18 19 21 23 24 25 | 25.0
Armour         | 4 5 7 8 11 12 13 14 15 16 26 | 26.9
Dodging        | 2 4 5 6 7 15 | 15.0
Spellcasting   | 1 4 7 20 | 20.0
Evocations     | 1 4 13 | 13.7
Axes           | 5 10 13 | 13.4
Translocations | 1 4 10 | 10.0
Summonings     | 1 4 10 | 10.1
Conjurations   | 10 | 10.0
Fire Magic     | 8 |  8.0
Ice Magic      | 22 | 22.2
Earth Magic    | 10 | 10.0
Transmutations | 10 | 10.0
Hexes          | 8 |  8.1
Air Magic      | 6 |  6.0

Action                   |  1- 3 |  4- 6 |  7- 9 | 10-12 | 13-15 | 16-18 | 19-21 | 22-24 | 25-27 || total
-------------------------+-------+-------+-------+-------+-------+-------+-------+-------+-------++-------
Melee: Flail             |    99 |   215 |   434 |   524 |       |       |       |       |       ||  1272
       Whip              |       |    66 |       |       |       |       |       |       |       ||    66
       Morningstar       |       |       |       |   232 |  1240 |  1392 |       |       |       ||  2864
       War axe           |       |       |       |       |       |   163 |  1258 |  1415 |  1447 ||  4283
       Sacred scourge    |       |       |       |       |       |       |       |       |  8071 ||  8071
Throw: Dart              |       |       |       |    18 |     8 |       |     1 |       |     8 ||    35
 Cast: Blink             |       |       |       |       |       |       |       |       |     1 ||     1
Invok: Cleansing Flame   |       |       |       |     2 |     1 |    13 |    19 |    12 |   216 ||   263
       Summon Divine War |       |       |       |       |     2 |     1 |       |       |    64 ||    67
       Divine Shield     |       |       |       |       |       |       |       |       |     1 ||     1
       Brand Weapon With |       |       |       |       |       |       |       |       |     1 ||     1
 Abil: Fly               |       |       |       |       |     1 |       |       |       |     1 ||     2
       Stop Flying       |       |       |       |       |       |       |       |       |     1 ||     1
Evoke: Wand              |       |       |       |       |     2 |     1 |     1 |     1 |     3 ||     8
  Use: Scroll            |       |    15 |     7 |    14 |    10 |    12 |    17 |     5 |    76 ||   156
       Potion            |       |       |       |     6 |     5 |     4 |     6 |     2 |    56 ||    79
  Eat: Chunk             |       |     9 |     6 |    19 |    43 |    31 |    18 |    19 |    41 ||   186
       Ration            |       |       |     1 |     3 |     2 |       |     5 |     3 |    50 ||    64
Armor: Scale mail        |    27 |       |       |       |       |       |       |       |       ||    27
       Chain mail        |    33 |   182 |   194 |       |   112 |   880 |    85 |       |       ||  1486
       Plate armour      |       |       |    52 |   465 |   578 |       |   347 |   490 |   222 ||  2154
       Gold dragon scale |       |       |       |       |       |       |       |       |  1166 ||  1166
       Crystal plate arm |       |       |       |       |       |       |       |       |  2378 ||  2378
       Skin              |       |       |       |       |       |       |       |       |     6 ||     6
Dodge: Dodged            |    22 |    70 |    66 |   122 |   240 |   431 |   219 |   244 |  1504 ||  2918
Block: Kite shield       |    56 |   181 |   181 |   329 |   808 |  1196 |  1015 |  1115 |  7018 || 11899
       Reflection        |       |       |       |       |       |    29 |   125 |   111 |   155 ||   420

Table legend:
 A = Non-vault XP
 B = Vault XP
 C = Vault XP percentage of total XP
 D = Non-vault monster count
 E = Vault monster count
 F = Vault count percentage of total count
                 A         B        C        D         E       F
            +---------+---------+-------+---------+---------+-------
      Total | 1928266 | 2177724 |  53.0 |    3103 |    1903 |  38.0
            +---------+---------+-------+---------+---------+-------
        D:1 |      42 |       0 |   0.0 |      13 |       0 |   0.0
        D:2 |     273 |      38 |  12.2 |      35 |       3 |   7.9
        D:3 |      54 |       0 |   0.0 |      19 |       0 |   0.0
        D:4 |     211 |     675 |  76.2 |      23 |       3 |  11.5
        D:5 |     568 |     461 |  44.8 |      18 |       4 |  18.2
        D:6 |    1289 |       0 |   0.0 |      44 |       0 |   0.0
        D:7 |     908 |     409 |  31.1 |      14 |       1 |   6.7
        D:8 |    2202 |     619 |  21.9 |      16 |       3 |  15.8
        D:9 |    2526 |    2590 |  50.6 |      29 |       3 |   9.4
       D:10 |    1330 |     812 |  37.9 |      12 |       1 |   7.7
       D:11 |    5021 |     874 |  14.8 |      34 |      36 |  51.4
       D:12 |    7928 |     990 |  11.1 |      55 |       5 |   8.3
       D:13 |    6682 |    5143 |  43.5 |      35 |      15 |  30.0
       D:14 |    6078 |    6965 |  53.4 |      27 |      12 |  30.8
       D:15 |   15017 |    9100 |  37.7 |      39 |       8 |  17.0
     Lair:1 |    4546 |       0 |   0.0 |      18 |       0 |   0.0
     Lair:2 |    4031 |     820 |  16.9 |      19 |       1 |   5.0
     Lair:3 |    3518 |    1111 |  24.0 |      14 |      13 |  48.1
     Lair:4 |    5852 |    1291 |  18.1 |      20 |      11 |  35.5
     Lair:5 |    4393 |       0 |   0.0 |      15 |       0 |   0.0
     Lair:6 |   10510 |   12340 |  54.0 |      37 |      30 |  44.8
    Swamp:1 |    8703 |       0 |   0.0 |      28 |       0 |   0.0
    Swamp:2 |    9662 |       0 |   0.0 |      24 |       0 |   0.0
    Swamp:3 |   18139 |       0 |   0.0 |      37 |       0 |   0.0
    Swamp:4 |    8316 |   15817 |  65.5 |      16 |      31 |  66.0
    Snake:1 |   18548 |       0 |   0.0 |      35 |       0 |   0.0
    Snake:2 |    9316 |    2986 |  24.3 |      20 |       1 |   4.8
    Snake:3 |   19951 |       0 |   0.0 |      33 |       0 |   0.0
    Snake:4 |   16331 |   26126 |  61.5 |      31 |      40 |  56.3
    Slime:2 |     449 |       0 |   0.0 |       2 |       0 |   0.0
    Slime:3 |   13671 |       0 |   0.0 |      11 |       0 |   0.0
    Slime:4 |   15660 |       0 |   0.0 |      18 |       0 |   0.0
    Slime:5 |   12797 |   27855 |  68.5 |      31 |      16 |  34.0
      Orc:1 |    5074 |    1129 |  18.2 |      30 |       1 |   3.2
      Orc:2 |    5067 |    6336 |  55.6 |      50 |      43 |  46.2
      Elf:1 |   13213 |   10641 |  44.6 |      17 |      22 |  56.4
      Elf:2 |   16229 |   25922 |  61.5 |      25 |      30 |  54.5
      Elf:3 |    5816 |   31411 |  84.4 |      10 |      21 |  67.7
   Vaults:1 |   22513 |    9876 |  30.5 |      45 |      12 |  21.1
   Vaults:2 |   25636 |   24473 |  48.8 |      45 |      42 |  48.3
   Vaults:3 |   35110 |   22895 |  39.5 |      57 |      32 |  36.0
   Vaults:4 |   29791 |   35745 |  54.5 |      55 |      47 |  46.1
   Vaults:5 |   33879 |  138899 |  80.4 |      44 |      96 |  68.6
    Crypt:1 |   27372 |       0 |   0.0 |      39 |       0 |   0.0
    Crypt:2 |   36453 |       0 |   0.0 |      48 |       0 |   0.0
    Crypt:3 |   30026 |   62361 |  67.5 |      39 |      65 |  62.5
     Tomb:1 |   11929 |  189045 |  94.1 |      35 |      61 |  63.5
     Tomb:2 |    7169 |   60374 |  89.4 |      27 |      52 |  65.8
     Tomb:3 |   30511 |  111340 |  78.5 |      74 |      63 |  46.0
   Depths:1 |   41149 |    6753 |  14.1 |      58 |       9 |  13.4
   Depths:2 |   29437 |   14140 |  32.4 |      44 |       9 |  17.0
   Depths:3 |       0 |  123626 | 100.0 |       0 |     102 | 100.0
   Depths:4 |   46977 |  104892 |  69.1 |      47 |      66 |  58.4
   Depths:5 |   29163 |   19276 |  39.8 |      29 |      13 |  31.0
       Hell |   16958 |   22517 |  57.0 |      28 |      53 |  65.4
      Dis:1 |    5572 |       0 |   0.0 |      10 |       0 |   0.0
      Dis:2 |   11296 |       0 |   0.0 |      17 |       0 |   0.0
      Dis:3 |    1123 |       0 |   0.0 |       6 |       0 |   0.0
      Dis:4 |     662 |    2742 |  80.6 |       1 |       4 |  80.0
      Dis:5 |    9638 |       0 |   0.0 |      11 |       0 |   0.0
      Dis:6 |    3009 |       0 |   0.0 |       4 |       0 |   0.0
      Dis:7 |   31672 |   96186 |  75.2 |      40 |      65 |  61.9
      Geh:1 |   16310 |    3749 |  18.7 |      43 |       1 |   2.3
      Geh:2 |   22554 |       0 |   0.0 |      34 |       0 |   0.0
      Geh:3 |    4113 |    3064 |  42.7 |      10 |       2 |  16.7
      Geh:4 |   11248 |       0 |   0.0 |      25 |       0 |   0.0
      Geh:5 |   20631 |       0 |   0.0 |      42 |       0 |   0.0
      Geh:6 |   12880 |       0 |   0.0 |      24 |       0 |   0.0
      Geh:7 |   27800 |   64942 |  70.0 |      39 |      47 |  54.7
      Coc:1 |    7551 |   11947 |  61.3 |      17 |      19 |  52.8
      Coc:2 |    8369 |       0 |   0.0 |      28 |       0 |   0.0
      Coc:3 |    3530 |       0 |   0.0 |      10 |       0 |   0.0
      Coc:4 |    3138 |       0 |   0.0 |       9 |       0 |   0.0
      Coc:5 |   33475 |       0 |   0.0 |      27 |       0 |   0.0
      Coc:6 |    2821 |       0 |   0.0 |       4 |       0 |   0.0
      Coc:7 |  145566 |   74994 |  34.0 |     152 |      68 |  30.9
      Tar:2 |     866 |       0 |   0.0 |       3 |       0 |   0.0
      Tar:7 |   57381 |  108681 |  65.4 |     104 |      67 |  39.2
      Zot:1 |   59742 |       0 |   0.0 |      37 |       0 |   0.0
      Zot:2 |   56299 |    1046 |   1.8 |      40 |       2 |   4.8
      Zot:3 |   22076 |   76254 |  77.5 |      13 |      35 |  72.9
      Zot:4 |   29357 |   16918 |  36.6 |      18 |       4 |  18.2
      Zot:5 |   71324 |  143288 |  66.8 |      33 |      39 |  54.2
    Abyss:1 |   14009 |       0 |   0.0 |      29 |       0 |   0.0
    Abyss:2 |     145 |       0 |   0.0 |       1 |       0 |   0.0
    Abyss:3 |    1601 |       0 |   0.0 |       2 |       0 |   0.0
    Abyss:4 |   19547 |    1881 |   8.8 |      42 |       5 |  10.6
    Abyss:5 |   43993 |   14665 |  25.0 |      74 |      23 |  23.7
        Pan |  434974 |  326006 |  42.8 |     486 |     244 |  33.4
    Ossuary |       0 |     658 | 100.0 |       0 |      33 | 100.0
      IceCv |       0 |   12883 | 100.0 |       0 |      52 | 100.0
     WizLab |       0 |   34503 | 100.0 |       0 |      45 | 100.0
 Desolation |       0 |   35446 | 100.0 |       0 |      62 | 100.0
   Gauntlet |       0 |    9198 | 100.0 |       0 |      10 | 100.0
            +---------+---------+-------+---------+---------+-------
